 Dungeon Crawl Stone Soup version 0.31.0-12-g77e489cdc1 (webtiles) character file.

Game seed: 2843314141781493248

1262757 jimmypageman the Conqueror (level 27, -7/273 HPs)
             Began as a Minotaur Fighter on Mar 3, 2024.
             Was the Champion of the Shining One.
             Killed from afar by Dispater (29 damage)
             ... with damnation
             ... on level 7 of the Iron City of Dis on Mar 4, 2024.
             The game lasted 03:36:36 (120033 turns).

jimmypageman the Conqueror (Minotaur Fighter)     Turns: 120033, Time: 03:36:37

Health: -7/273     AC: 41    Str: 34    XL:     27
Magic:  8/48       EV: 17    Int:  9    God:    the Shining One [******]
Gold:   13861      SH: 41    Dex: 11    Spells: 26/26 levels left

rFire   + + +        D - +9 broad axe (spect)
rCold   + + .        X - +8 tower shield {rPois}
rNeg    + + +        N - +12 gold dragon scales
rPois   +            h - +0 hat "Umat" {Slay+3 Stlth+}
rElec   .            z - scarf "Ducytynlu" {rC+ rF+, rPois Will- rCorr Stlth-}
rCorr   +            s - +3 Mad Mage's Maulers {Infuse+∞ VampMP -Cast}
SInv    .            w - +3 pair of seven-league boots {Rampage+∞}
Will    ++...        V - amulet "Setuk" {Reflect +Blink rF+ MP+9 SH+5} Stlth
                     E - ring of Moderation {rF+ Int+6}
HPRegen 0.65/turn    S - ring of Tyiwn {*Slow rPois Will+ Slay+5 Stlth+}
MPRegen 0.31/turn

%: no spellcasting, slow self (1%), reflection, rampage+∞, infuse magic (8 MP)
@: about to teleport, glowing, studying 4 skills, corroded
A: horns 2, retaliatory headbutt, large bone plates 1, camouflage 1, dopey 1,
mutation resistance 1
}: 12/15 runes: barnacled, slimy, silver, golden, bone, abyssal, demonic,
glowing, magical, fiery, dark, gossamer
a: Renounce Religion, Evoke Blink, Divine Shield, Cleansing Flame, Summon Divine
Warrior


You were on level 7 of the Iron City of Dis.
You worshipped the Shining One.
The Shining One was exalted by your worship.
You visited 16 branches of the dungeon, and saw 73 of its levels.
You visited Pandemonium 2 times, and saw 14 of its levels.
You visited the Abyss 1 time.
You visited 2 ziggurats, and saw 30 of their levels (deepest: 16).
You also visited: Trove and Ice Cave.

You collected 19303 gold pieces.
You spent 5442 gold pieces at shops.

Inventory:

Hand Weapons
 g - a +9 broad axe of holy wrath
 D - a +9 spectral broad axe (weapon)
Missiles
 B - 74 boomerangs
 H - 9 silver javelins
 K - 16 throwing nets
 Q - 22 javelins (quivered)
Armour
 h - the +0 hat "Umat" (worn) {Slay+3 Stlth+}
   (You found it on level 5 of the Vaults)

   Slay+3:    It affects your accuracy & damage with ranged weapons and melee
   (+3).
   Stlth+:    It makes you more stealthy.
 s - the +3 Mad Mage's Maulers (worn) {Infuse+∞ VampMP -Cast}
   (You found it on level 13 of a ziggurat)

   Infuse+∞: It empowers its wearer's blows with all of their magic.
   VampMP:    Blows struck in melee replenish the wearer's magic.
   -Cast:     It prevents spellcasting.
 w - the +3 pair of seven-league boots (worn) {Rampage+∞}
   (You found it on level 5 of the Vaults)

   Rampage+∞: When moving toward enemies, its wearer moves as far as possible,
   alerting their target en route.
 z - the scarf "Ducytynlu" (worn) {rC+ rF+, rPois Will- rCorr Stlth-}
   (You acquired it on level 1 of a ziggurat)

   rPois:     It protects you from poison Will-: It decreases your willpower.
   rCorr:     It protects you from acid and corrosion.
   Stlth-:    It makes you less stealthy.
 N - +12 gold dragon scales (worn)
 X - a +8 tower shield of poison resistance (worn)
Jewellery
 a - a +4 ring of slaying
 b - the brooch of Shielding {Spirit SH+8}
   (You found it on level 5 of a ziggurat)

   [amulet of guardian spirit]

   Spirit:    It causes incoming damage to be divided between your reserves of
   health and magic.
   SH+8:      It affects your SH (+8).
 m - a ring of magical power
 y - a ring of resist corrosion
 E - the ring of Moderation (left hand) {rF+ Int+6}
   (You found it on level 7 of Tartarus)

   [ring of protection from fire]

   Int+6:     It affects your intelligence (+6).
   rF+:       It protects you from fire.
 G - the amulet "Xeav" {Reflect rElec Dex+3 SH+5 Stlth+}
   (You found it on level 13 of a ziggurat)

   [amulet of reflection]

   Reflect:   It reflects blocked missile attacks.
   Dex+3:     It affects your dexterity (+3).
   rElec:     It insulates you from electricity.
   SH+5:      It affects your SH (+5).
   Stlth+:    It makes you more stealthy.
 J - the ring "Tugir" {rElec rC+ Str+2 Dex+3}
   (You found it in a treasure trove)

   [ring of protection from cold]

   Str+2:     It affects your strength (+2).
   Dex+3:     It affects your dexterity (+3).
   rC+:       It protects you from cold.
   rElec:     It insulates you from electricity.
 S - the ring of Tyiwn (right hand) {*Slow rPois Will+ Slay+5 Stlth+}
   (You found it on level 3 of the Tomb of the Ancients)

   [ring of poison resistance]

   Slay+5:    It affects your accuracy & damage with ranged weapons and melee
   (+5).
   rPois:     It protects you from poison Will+: It increases your willpower.
   *Slow:     It may slow you when you take damage.
   Stlth+:    It makes you more stealthy.
 T - the ring of Noon {rElec rF+ rCorr Int+2 Dex-4}
   (You found it on level 9 of a ziggurat)

   [ring of protection from fire]

   Int+2:     It affects your intelligence (+2).
   Dex-4:     It affects your dexterity (-4).
   rF+:       It protects you from fire.
   rElec:     It insulates you from electricity.
   rCorr:     It protects you from acid and corrosion.
 V - the amulet "Setuk" (around neck) {Reflect +Blink rF+ MP+9 SH+5}
   (You found it in a treasure trove)

   [amulet of reflection]

   Reflect:   It reflects blocked missile attacks.
   rF+:       It protects you from fire.
   MP+9:      It affects your magic capacity (+9).
   +Blink:    It lets you blink.
   SH+5:      It affects your SH (+5).
 W - the ring "Nistude" {Fly rPois Int+4 SInv Stlth-}
   (You found it on level 11 of a ziggurat)

   [ring of flight]

   Int+4:     It affects your intelligence (+4).
   rPois:     It protects you from poison SInv: It lets you see invisible.
   Fly:       It grants you flight.
   Stlth-:    It makes you less stealthy.
 Y - the amulet "Taj Wesu" {Reflect Rampage rElec Regen+ SH+5}
   (You found it on level 6 of a ziggurat)

   [amulet of reflection]

   Reflect:   It reflects blocked missile attacks.
   rElec:     It insulates you from electricity.
   Regen+:    It increases your rate of health regeneration.
   SH+5:      It affects your SH (+5).
   Rampage:   It bestows one free step when moving towards enemies.
Wands
 c - a wand of quicksilver (70)
 j - a wand of charming (9)
 n - a wand of mindburst (86)
 L - a wand of digging (48)
 R - a wand of roots (123)
Scrolls
 l - 13 scrolls of revelation
 o - 9 scrolls of silence
 p - 16 scrolls of fog
 u - 25 scrolls of teleportation
 x - 10 scrolls of blinking
 C - 12 scrolls of fear
 P - 5 scrolls of butterflies
Potions
 d - 13 potions of might
 e - 2 potions of heal wounds
 f - 5 potions of resistance
 i - 17 potions of mutation
 k - 15 potions of enlightenment
 q - 37 potions of curing
 r - 4 potions of berserk rage
 t - 14 potions of haste
 v - 10 potions of cancellation
 A - 7 potions of invisibility
 I - 5 potions of lignification
 M - 11 potions of brilliance
 O - 8 potions of magic
Miscellaneous
 U - a condenser vane


   Skills:
 O Level 27 Fighting
 O Level 27 Axes
 O Level 27 Throwing
 O Level 27 Armour
 O Level 27 Dodging
 O Level 27 Shields
 + Level 5.5 Unarmed Combat
 O Level 27 Invocations
 * Level 26.7 Evocations


You had 26 spell levels left.
You didn't know any spells.
Your spell library contained the following spells:

 Spells                   Type           Power      Damage    Failure   Level
 Apportation              Tloc           0%         N/A       87%         1
 Foxfire                  Conj/Fire      0%         2x1d4     87%         1
 Freeze                   Ice            0%         1d3       87%         1
 Kiss of Death            Conj/Necr      0%         2d5       87%         1
 Magic Dart               Conj           0%         1d3       87%         1
 Necrotise                Necr           0%         1d4       87%         1
 Sandblast                Erth           0%         2d4       87%         1
 Shock                    Conj/Air       0%         1d3       87%         1
 Slow                     Hex            0%         N/A       87%         1
 Sting                    Conj/Alch      0%         1d3       87%         1
 Summon Small Mammal      Summ           0%         N/A       87%         1
 Blink                    Tloc           0%         N/A       95%         2
 Cigotuvi's Dreadful Rot  Necr/Alch/Air  0%         N/A       95%         2
 Ensorcelled Hibernation  Hex/Ice        0%         N/A       95%         2
 Jinxbite                 Hex            0%         N/A       95%         2
 Lesser Beckoning         Tloc           0%         N/A       95%         2
 Mercury Vapours          Alch/Air       0%         N/A       95%         2
 Momentum Strike          Conj/Tloc      0%         3d8       95%         2
 Scorch                   Fire           0%         2d5       95%         2
 Searing Ray              Conj           0%         2d4       95%         2
 Static Discharge         Conj/Air       0%         3-3/arc   95%         2
 Sublimation of Blood     Necr           0%         N/A       95%         2
 Call Canine Familiar     Summ           0%         N/A       99%         3
 Confusing Touch          Hex            0%         N/A       99%         3
 Dazzling Flash           Conj/Hex       0%         N/A       99%         3
 Frozen Ramparts          Ice            0%         1d1       99%         3
 Fugue of the Fallen      Necr           0%         N/A       99%         3
 Hailstorm                Conj/Ice       0%         3d5       99%         3
 Inner Flame              Hex/Fire       0%         N/A       99%         3
 Mephitic Cloud           Conj/Alch/Air  0%         N/A       99%         3
 Ozocubu's Armour         Ice            0%         N/A       99%         3
 Sigil of Binding         Hex            0%         N/A       99%         3
 Stone Arrow              Conj/Erth      0%         3d7       99%         3
 Summon Ice Beast         Ice/Summ       0%         N/A       99%         3
 Swiftness                Air            0%         N/A       99%         3
 Teleport Other           Tloc           0%         N/A       99%         3
 Tukima's Dance           Hex            0%         N/A       99%         3
 Vampiric Draining        Necr           0%         2d6       99%         3
 Volatile Blastmotes      Fire/Tloc      0%         2d10      99%         3
 Airstrike                Air            0%         2d(0-16)  100%        4
 Anguish                  Hex/Necr       0%         N/A       100%        4
 Animate Armour           Summ/Erth      0%         N/A       100%        4
 Brom's Barrelling Bould  Conj/Erth      0%         2d3       100%        4
 Cause Fear               Hex            0%         N/A       100%        4
 Dimensional Bullseye     Hex/Tloc       0%         N/A       100%        4
 Dispel Undead            Necr           0%         3d6       100%        4
 Flame Wave               Conj/Fire      0%         2d4       100%        4
 Fulminant Prism          Conj/Alch      0%         3d5       100%        4
 Ignite Poison            Fire/Alch      0%         N/A       100%        4
 Iskenderun's Mystic Bla  Conj/Tloc      0%         2d3       100%        4
 Leda's Liquefaction      Alch/Erth      0%         N/A       100%        4
 Manifold Assault         Tloc           0%         N/A       100%        4
 Martyr's Knell           Necr/Summ      0%         N/A       100%        4
 Olgreb's Toxic Radiance  Alch           0%         N/A       100%        4
 Passage of Golubria      Tloc           0%         N/A       100%        4
 Petrify                  Alch/Erth      0%         N/A       100%        4
 Sticky Flame             Fire/Alch      0%         2d4       100%        4
 Summon Blazeheart Golem  Fire/Summ      0%         N/A       100%        4
 Summon Lightning Spire   Summ/Air       0%         N/A       100%        4
 Vhi's Electric Charge    Tloc/Air       0%         N/A       100%        4
 Alistair's Intoxication  Alch           0%         N/A       100%        5
 Arcjolt                  Conj/Air       0%         1d10      100%        5
 Borgnjor's Vile Clutch   Necr/Erth      0%         N/A       100%        5
 Curse of Agony           Necr           0%         N/A       100%        5
 Fireball                 Conj/Fire      0%         3d3       100%        5
 Freezing Cloud           Conj/Ice/Air   0%         6-21      100%        5
 Irradiate                Conj/Alch      0%         3d11      100%        5
 Lee's Rapid Deconstruct  Erth           0%         3d4*      100%        5
 Metabolic Englaciation   Hex/Ice        0%         N/A       100%        5
 Silence                  Hex/Air        0%         N/A       100%        5
 Summon Forest            Summ/Tloc      0%         N/A       100%        5
 Summon Mana Viper        Hex/Summ       0%         N/A       100%        5
 Yara's Violent Unravell  Hex/Alch       0%         3d3       100%        5
 Bombard                  Conj/Erth      0%         9d1       100%        6
 Death Channel            Necr           0%         N/A       100%        6
 Dispersal                Tloc           0%         N/A       100%        6
 Eringya's Noxious Bog    Alch           0%         4d6       100%        6
 Plasma Beam              Fire/Air       0%         2x1d10    100%        6
 Sculpt Simulacrum        Ice/Alch       0%         N/A       100%        6
 Starburst                Conj/Fire      0%         6d3       100%        6
 Summon Cactus Giant      Summ           0%         N/A       100%        6
 Enfeeble                 Hex            0%         N/A       100%        7
 Haunt                    Necr/Summ      0%         N/A       100%        7
 Monstrous Menagerie      Summ           0%         N/A       100%        7
 Orb of Destruction       Conj           0%         9d5       100%        7
 Ozocubu's Refrigeration  Ice            0%         4d7       100%        7
 Spellforged Servitor     Conj/Summ      0%         N/A       100%        7
 Borgnjor's Revivificati  Necr           0%         N/A       100%        8
 Discord                  Hex            0%         N/A       100%        8
 Disjunction              Tloc           0%         N/A       100%        8
 Ignition                 Fire           0%         3d3       100%        8
 Infestation              Necr           0%         N/A       100%        8
 Lehudib's Crystal Spear  Conj/Erth      0%         10d2      100%        8
 Maxwell's Capacitive Co  Air            0%         ∞         100%        8
 Chain Lightning          Conj/Air       0%         N/A       100%        9
 Dragon's Call            Summ           0%         N/A       100%        9
 Fire Storm               Conj/Fire      0%         5d1       100%        9
 Polar Vortex             Ice            0%         N/A       100%        9
 Shatter                  Erth           0%         3d5*      100%        9


Dungeon Overview and Level Annotations

Branches:
Dungeon (15/15)            Temple (1/1) D:7            Lair (5/5) D:11
 Shoals (4/4) Lair:3       Spider (4/4) Lair:2        Slime (5/5) Lair:4
    Orc (2/2) D:9             Elf (3/3) Orc:2        Vaults (5/5) D:14
  Crypt (3/3) Vaults:2       Tomb (3/3) Crypt:3      Depths (4/4) D:15
   Hell (visited)             Dis (7/7) Hell            Geh (0/7) Hell
    Coc (0/7) Hell            Tar (7/7) Hell            Zot (4/5) Depths:4
  IceCv (visited)

Altars:
Ashenzari
Cheibriados
Dithmenos
Elyvilon
Fedhas
Gozag
Hepliaklqana
Kikubaaqudgha
Makhleb
Nemelex Xobeh
Okawaru
Qazlal
Ru
Sif Muna
Trog
Uskayaw
Vehumet
Wu Jian
Xom
Yredelemnul
Zin
The Shining One
Jiyva
Lugonu

Shops:
D:2 ([(**   D:7 [   D:9 (   D:12 (   D:14 (   Orc:2 =*([   Elf:2 =[=*:
Elf:3 =:*=   Shoals:1 :!***   Shoals:4 *   Vaults:1 (   Vaults:4 (:?[
Depths:1 [   Depths:2 *   Depths:3 :=:

Portals:
Hell: Depths:1 Depths:2 Depths:3 Depths:4
Abyss: Depths:2 Depths:3
Pandemonium: Depths:2

Annotations:
D:13 8 runed translucent doors
Elf:2 3 runed translucent doors
Dis:7 Dispater


Innate Abilities, Weirdness & Mutations

You have a pair of horns on your head.
You reflexively headbutt those who attack you in melee.
You are partially covered in large bone plates. (SH +4)
Your skin changes colour to match your surroundings (Stealth+).
You are dopey. (Int -2)
You are somewhat resistant to further mutation.


Message History

The sphere of damnation explodes!
The damnation engulfs you!!! The Shining One protects you from harm!
The damnation engulfs the Hell Sentinel.
The Hell Sentinel completely resists.
The damnation engulfs the Hell Sentinel.
The Hell Sentinel completely resists.
The damnation engulfs Dispater.
Dispater completely resists.
You block the Hell Sentinel's attack. x2
The Hell Sentinel gestures at you. The iron shot misses you.
As you read the scroll of teleportation, it crumbles to dust.
You feel strangely unstable.
Dispater shouts, "Thy throat shall be my mouthful!"
You block Dispater's attack.
You block the Hell Sentinel's attack. x3
The Hell Sentinel hits you!
* * * LOW HITPOINT WARNING * * *
Unknown command.
Activating: Cleansing Flame (0% risk of failure)
Press: ? - help, Dir - look around, f - activate The golden flame engulfs you but does no damage.
The golden flame engulfs the Hell Sentinel!!!!
The Hell Sentinel writhes in agony!
The Hell Sentinel is severely wounded.
The golden flame engulfs the Hell Sentinel!!!
The Hell Sentinel writhes in agony!
You kill the Hell Sentinel!
The Hell Sentinel disappears in a puff of smoke!
The golden flame engulfs Dispater!!
Dispater writhes in agony!
Dispater is severely wounded.
You block Dispater's attack.
You block the Hell Sentinel's attack. x2
Activating: Cleansing Flame (0% risk of failure)
Press: ? - help, Dir - look around, f - activate The golden flame engulfs you but does no damage.
You resist.
The golden flame engulfs the Hell Sentinel but does no damage.
The Hell Sentinel is severely wounded.
The golden flame engulfs Dispater!!
Dispater writhes in agony!
Dispater is almost dead.
Dispater gestures at you.
The sphere of damnation explodes!
The damnation engulfs you!!
You die...

###############
####
#8.........8...
#88#
#..............
#..# #..###''######
#..#
#..###''###########
#..#
#..##....#...#[#.$#
#..#
#..''......#......#
#..# ...
#..''......#$1?#.##
#..###..
#..##.....###†@[.$#
#..#. ..
#..###.....#.§&..##
#..#..#.
#..##...#.....#!..#
#..#..#.
#8.##.####...####.#
#..#.... #..##.
#..... .# #..####.
#..## ....#. #
#..#.... #..#
.$..### #..'..#.
#..# .#$.
#.#^#..#..#) #..#
#...#..#.)))


You could see Dispater and a Hell Sentinel (summoned).

Vanquished Creatures
  Cerebov (Pan)
  the Royal Jelly (Slime:5)
  Ereshkigal (Tar:7)
  Gloorx Vloq (Pan)
  Mnoleg (Pan)
  Ignacio (Pan)
  Lom Lobon (Pan)
  the Serpent of Hell (Dis:7)
  A seraph (Pan)
  8 dread liches
  14 ancient liches
  Mennas (Pan)
  Mara (Spider:4)
  2 juggernauts (Dis:7)
  34 royal mummies
  Xtahua (Vaults:5)
  Saint Roka (Vaults:1)
  7 Killer Klowns
  Margery (Crypt:2)
  22 caustic shrikes
  4 curse toes
  The ghost of Janeylunn the Warmonger, a veteran GnWn of Okawaru (Depths:1)
  Geryon (Hell)
  the Enchantress (Depths:3)
  Norris (Depths:3)
  33 bone dragons
  Nikola (Vaults:1)
  7 golden dragons
  7 profane servitors
  7 iron giants
  The ghost of Lianjan the Gnoll Aeon, an adept GnWr of Cheibriados (Vaults:3)
  10 Brimstone Fiends
  An electric golem (Zot:4)
  2 pearl dragons (Pan)
  18 pandemonium lords
  23 Tzitzimimeh
  13 doom hounds (Tar:7)
  28 Hell Sentinels
  24 tentacled monstrosities
  Rupert (D:13)
  7 Ice Fiends
  Jorgrun (D:15)
  5 hellephants
  14 tainted leviathans
  16 liches
  7 deep elf blademasters
  10 deep elf master archers
  15 sphinxes
  2 eldritch tentacles (Pan)
  A walking frostbound tome (Depths:3)
  21 titans
  7 searing wretches
  5 quicksilver dragons
  25 Executioners
  21 acid blobs
  43 ancient champions
  5 death cobs
  7 shadow dragons
  Agnes (D:15)
  A kraken (Shoals:4)
  19 storm dragons
  Kirke (Lair:4)
  22 tentacled starspawn
  24 fire giants
  9 azure jellies
  Roxanne (D:15)
  A thorn hunter (Abyss:4)
  7 tengu reavers
  Donald (Shoals:4)
  A fire giant (shapeshifter) (Zig:15)
  12 rockslimes
  6 draconian monks
  3 revenants
  17 daevas
  2 fenstrider witches (Pan)
  12 nagarajas
  15 protean progenitors
  8 draconian knights
  15 demonspawn warmongers
  6 draconian shifters
  Louise (Elf:3)
  31 frost giants
  8 deep elf sorcerers
  17 vault wardens
  3 iron dragons
  The ghost of Jafont the Arsonist, a journeyman HOFE of Okawaru (Shoals:2)
  3 emperor scorpions (Spider:4)
  2 spectral juggernauts (Tar:5)
  18 quicksilver elementals
  3 deep elf elementalists (Elf:3)
  3 spectral caustic shrikes
  3 draconian scorchers
  A caustic shrike zombie (Abyss:2)
  11 ghost moths
  34 balrugs
  2 broodmothers
  21 angels (Pan)
  8 juggernaut skeletons
  4 curse skulls
  25 cacodemons
  5 draconian stormcallers
  6 draconian annihilators
  2 orc warlords (Vaults:3)
  26 ironbound preservers
  6 spriggan defenders
  15 demonspawn corrupters
  6 ghouls
  11 demonspawn blood saints
  7 formless jellyfish
  10 quicksilver oozes
  6 vampire knights
  7 caustic shrike skeletons
  31 reapers
  16 ophanim (Pan)
  33 very ugly things
  Nessos (D:12)
  23 stone giants
  5 ironbound thunderhulks
  24 apis (Pan)
  13 black draconians
  7 deep elf death magi
  10 green draconians
  12 putrid mouths
  20 lorocyprocas
  19 yellow draconians
  12 spark wasps
  An eleionoma (shapeshifter) (Zig:15)
  6 deep elf demonologists
  22 bennus
  8 deep elf annihilators
  8 red draconians
  A halazid warlock (Hell)
  A dire elephant (shapeshifter) (Zig:15)
  2 bunyips (Zig:5)
  12 demonspawn black suns
  27 dire elephants
  A minotaur (Shoals:2)
  A wendigo (Hell)
  34 war gargoyles
  8 purple draconians
  10 white draconians
  20 iron golems
  20 green deaths
  6 crystal guardians
  4 merfolk javelineers
  16 blizzard demons
  14 fire dragons
  16 eidola
  4 spectral quicksilver dragons
  25 mummy priests
  14 jiangshi
  14 ettins
  Josephine (D:11)
  8 merfolk impalers
  2 spectral krakens (Shoals:3)
  9 great orbs of eyes
  12 yaktaur captains
  2 quicksilver dragon skeletons
  6 entropy weavers
  42 vault guards
  10 deep elf high priests
  15 rakshasas
  4 hell beasts
  A shambling mangrove (Abyss:4)
  2 ogre magi (Vaults:5)
  3 catoblepae
  2 alligators (Zig:15)
  3 ghost crabs (Shoals:3)
  3 peacekeepers
  6 spriggan air magi
  11 ice dragons
  7 salamander tyrants
  2 sphinx zombies
  14 centaur warriors
  3 merfolk avatars
  8 hydras
  A juggernaut simulacrum (Tomb:3)
  3 spriggan skeletons
  5 alligator snapping turtles
  2 radroaches
  10 ironbound frosthearts
  5 anacondas
  3 two-headed ogres
  5 jorogumos
  7 death knights
  6 deep troll shamans
  12 boulder beetles
  A naga warrior (Zig:9)
  2 titan zombies
  12 merfolk aquamancers
  12 hell hogs
  30 dancing weapons
  19 demonic crawlers
  54 death scarabs
  4 satyrs
  18 death yaks
  11 tengu warriors
  9 vampire magi
  4 deep troll earth magi
  7 naga sharpshooters
  2 spectral emperor scorpions
  26 thrashing horrors
  5 spriggan berserkers
  6 holy swine (Pan)
  3 occultists
  5 orc high priests
  39 soul eaters
  12 crystal echidnas
  A shock serpent (Zig:8)
  33 hell knights
  37 skeletal warriors
  102 sun demons
  12 skysharks
  A skyshark (shapeshifter) (Zig:15)
  16 deep elf knights
  A salamander mystic (Zig:8)
  3 hellephant skeletons (Pan)
  34 sixfirhies
  23 wretched stars
  23 shadow wraiths
  6 spatial maelstroms
  5 sea snakes (shapeshifter)
  A fire crab (shapeshifter) (Zig:15)
  A spriggan druid (Zig:5)
  15 sea snakes
  A deep troll (shapeshifter) (Vaults:5)
  9 pharaoh ants
  2 spectral anacondas (Tar:5)
  54 deep trolls
  4 iron trolls
  2 anaconda zombies (Tomb:2)
  2 golden dragon zombies
  12 cherubim (Pan)
  8 glowing orange brains
  A glowing orange brain (shapeshifter) (Depths:2)
  22 shadow demons
  7 arcanists
  17 orb spiders
  9 flayed ghosts
  13 sun moths
  An orange crystal statue (Shoals:2)
  3 naga ritualists
  2 mana vipers
  6 steelbarb worms
  13 deep elf archers
  17 ironbound convokers
  16 phantasmal warriors
  A lindwurm (shapeshifter) (Vaults:5)
  A bog body (Crypt:2)
  16 orc knights
  2 wolf spider zombies (Spider:4)
  19 harpies
  32 deep elf pyromancers
  A spectral wolf spider (Spider:4)
  14 lindwurms
  24 deep elf zephyrmancers
  21 manticores
  2 golden dragon skeletons
  15 necromancers
  A tengu zombie (Zig:16)
  16 wolf spiders
  A tengu skeleton (Depths:3)
  An oklob plant (Lair:5)
  45 ugly things
  A shadow dragon skeleton (Tomb:2)
  An eleionoma zombie (Crypt:1)
  3 will-o-the-wisps
  6 shining eyes
  A glowing shapeshifter (Vaults:5)
  A salamander (Depths:2)
  8 cyclopes
  A stone giant zombie (Crypt:3)
  2 cyclopes (shapeshifter)
  12 worldbinders
  2 iron dragon zombies
  7 orc sorcerers
  A frost giant skeleton (Crypt:2)
  11 fauns
  19 moths of wrath
  A black mamba (shapeshifter) (Zig:15)
  A spectral alligator snapping turtle (Tar:1)
  16 meliai
  3 rust devils
  65 large abominations
  3 kobold blastminers
  6 water nymphs
  11 merfolk sirens
  22 elephants
  4 naga magi
  2 water nymphs (shapeshifter)
  18 vault sentinels
  20 black mambas
  7 guardian serpents
  14 apocalypse crabs
  An eye of devastation (shapeshifter) (Zig:15)
  2 ice statues
  2 molten gargoyles (Hell)
  3 centaur zombies
  4 eyes of devastation
  3 gargoyles
  11 torpor snails
  A centaur skeleton (Tomb:2)
  81 smoke demons
  A storm dragon simulacrum (Zig:16)
  4 dire elephant skeletons
  25 orange demons
  7 spriggan zombies
  A minotaur zombie (Crypt:2)
  A titan simulacrum (Abyss:3)
  11 cane toads
  A spectral sea snake (Shoals:3)
  11 komodo dragons
  13 efreet
  A spectral redback (Spider:4)
  9 hellions
  A spectral water nymph (Shoals:3)
  An alligator snapping turtle skeleton (Crypt:1)
  8 freezing wraiths
  23 yaktaurs
  7 ice devils
  A tengu conjurer (Depths:3)
  A death yak skeleton (Crypt:1)
  A spectral naga (Tar:5)
  A bunyip simulacrum (Hell)
  4 kobold demonologists
  A redback zombie (Spider:4)
  8 rime drakes
  24 tormentors
  32 merfolk
  48 guardian mummies
  A silent spectre (Tar:3)
  20 ancient zymes
  2 merfolk (shapeshifter)
  A yellow draconian skeleton (Crypt:1)
  11 red devils
  A harpy zombie (Abyss:3)
  An iron giant simulacrum (Abyss:3)
  A spectral jumping spider (Spider:4)
  6 trolls
  3 spectral tarantellas (Spider:4)
  4 spectral harpies
  A troll (shapeshifter) (D:15)
  A tyrant leech (Zig:5)
  20 hellwings
  10 polar bears
  14 tarantellas
  12 wind drakes
  2 spectral culicivoras (Spider:4)
  24 dream sheep
  Prince Ribbit (D:8)
  5 spectral merfolk (Shoals:3)
  A culicivora zombie (Spider:4)
  4 hornets
  An ice dragon zombie (Crypt:3)
  37 raiju
  A sun moth zombie (Crypt:2)
  A dream sheep (shapeshifter) (Vaults:3)
  18 blink frogs
  A fire dragon zombie (Crypt:3)
  A tarantella zombie (Spider:4)
  4 glass eyes
  52 slime creatures
  A spectral swamp dragon (Tar:1)
  3 jumping spider zombies (Spider:4)
  8 snapping turtles
  2 centaur simulacra (D:13)
  A snapping turtle (shapeshifter) (Abyss:3)
  3 air elementals
  2 culicivoras (shapeshifter)
  28 jumping spiders
  43 ynoxinuls
  3 shadows
  7 wyverns
  5 spriggans
  A vampire (D:11)
  26 water elementals
  5 fire elementals
  58 yaks
  22 culicivoras
  23 small abominations
  16 wraiths
  A human (Lair:4)
  6 basilisks
  107 starcursed masses
  13 ushabtiu
  2 fire bats (Abyss:3)
  2 hogs (Lair:4)
  A warg (Orc:1)
  Grum (D:11)
  26 neqoxecs
  52 redbacks
  4 steam dragons
  2 golden eyes (Abyss:3)
  16 spatial vortices
  31 chaos spawn
  Menkaure (D:7)
  8 vampire mosquitoes
  A naga zombie (Tomb:3)
  A glowing shapeshifter zombie (Depths:2)
  A harpy simulacrum (Hell)
  A human zombie (Vaults:1)
  5 acid dragons
  4 nagas
  2 spectral snapping turtles (Shoals:3)
  20 water moccasins
  2 swamp worms (shapeshifter)
  A naga skeleton (Crypt:3)
  7 hell hounds (Abyss:3)
  Duvessa (D:5)
  A swamp drake (Zig:5)
  3 sky beasts
  15 orc warriors
  2 ice beasts (D:5)
  6 black bears
  58 laughing skulls
  6 ogres
  20 centaurs
  4 human skeletons
  32 wolves
  A swamp dragon skeleton (Tomb:1)
  4 phantoms
  2 kobold brigands
  7 weeping skulls (Abyss:3)
  Blork the orc (D:6)
  A yaktaur zombie (Crypt:1)
  A brain worm (shapeshifter) (D:13)
  6 brain worms (Pan)
  10 bullfrogs
  3 necrophages (Crypt:3)
  2 gnoll sergeants
  A scorpion (D:7)
  2 earth elementals
  A glowing shapeshifter simulacrum (Vaults:1)
  A wyvern skeleton (Crypt:1)
  6 wights
  Dowan (D:5)
  11 killer bees
  A troll zombie (Crypt:1)
  A raiju skeleton (Crypt:2)
  3 howler monkeys
  10 electric eels
  A vampire bat (Abyss:4)
  A wolf zombie (Crypt:2)
  2 quasits (Abyss:3)
  4 hounds
  A bombardier beetle (D:4)
  A gnoll bouda (D:8)
  5 jellies
  26 orc priests
  2 iron imps (Abyss:3)
  Terence (D:3)
  3 iguanas
  Natasha (twice) (D:2)
  28 orc wizards
  7 hell rats (Lair:1)
  64 mummies
  Robin (D:3)
  12 gnolls
  6 adders
  5 shadow imps
  25 white imps
  7 ufetubi
  4 dart slugs
  5 ribbon worms
  106 orcs
  5 ball pythons
  5 bats
  5 endoplasms
  5 giant cockroaches
  15 goblins
  6 hobgoblins
  A jackal (D:7)
  17 kobolds
  6 quokkas
  A ball python zombie (Crypt:2)
  4 frilled lizards
  2 rats (D:2)
  A rat skeleton (Crypt:2)
  5 aspiring fleshes
  3 ball lightnings (Pan)
  A foxfire (Abyss:3)
  5 lurking horrors (Abyss:3)
  10 starspawn tentacles
  4 tentacles
4875 creatures vanquished.

Vanquished Creatures (collateral kills)
  3 royal mummies (Tomb:3)
  An ancient champion (Tomb:3)
  2 Executioners (Pan)
  A caustic shrike skeleton (Pan)
  2 mummy priests (Tomb:3)
  2 skeletal warriors (Tomb:3)
  A flayed ghost (Pan)
  3 guardian mummies (Tomb:3)
15 creatures vanquished.

Vanquished Creatures (others)
  A Killer Klown (Zig:13)
  A pandemonium lord (Zig:13)
  A titan (Vaults:5)
  A fenstrider witch (Pan)
  A demonspawn blood saint (Pan)
  A dire elephant (shapeshifter) (Zig:13)
  A mummy priest (Tomb:2)
  A green death (Pan)
  A soul eater (Pan)
  An occultist (Depths:1)
  A sixfirhy (Abyss:3)
  2 deep trolls (Vaults:1)
  A large abomination (Abyss:3)
  2 deep elf pyromancers
  A manticore (Shoals:1)
  A salamander (Zig:14)
  A hellion (Zig:11)
  A smoke demon (Pan)
  A golden dragon simulacrum (Hell)
  A harpy skeleton (Abyss:3)
  A chaos spawn (Zig:13)
  A hydra simulacrum (Hell)
  2 small abominations (Abyss:3)
  An orc wizard (D:6)
  An ufetubus (Abyss:3)
  3 ball lightnings (Pan)
  9 foxfires
  A lurking horror (Abyss:3)
  223 spectral weapons
  23 starspawn tentacles
  10 tentacles
297 creatures vanquished.

Grand Total: 5187 creatures vanquished

Notes
Turn   | Place    | Note
-------+----------+-------------------------------------------
     0 | D:1      | jimmypageman the Minotaur Fighter began the quest for the
                  | Orb.
     0 | D:1      | Reached XP level 1. HP: 19/19 MP: 0/0
   297 | D:1      | Reached XP level 2. HP: 26/27 MP: 1/1
   902 | D:2      | Found the +0 toga "Victory" {*Victory Clar}
   915 | D:2      | Found Meneg's General Store.
   931 | D:2      | Bought a scroll of identify for 22 gold pieces
   931 | D:2      | Bought a scroll of identify for 22 gold pieces
   980 | D:2      | Reached XP level 3. HP: 33/33 MP: 2/2
   986 | D:2      | Found Jiwketar's Assorted Antiques.
  1113 | D:2      | Found Hiciso's Weapon Shop.
  1282 | D:2      | Found Imnurubb's Weapon Shop.
  1285 | D:2      | Found Kahuto's Antique Armour Shop.
  1379 | D:2      | Noticed Natasha
  1386 | D:2      | Killed Natasha
  1387 | D:2      | Reached XP level 4. HP: 26/40 MP: 3/3
  1576 | D:2      | Noticed Natasha
  1583 | D:2      | Killed Natasha
  1766 | D:3      | Identified the amulet of Ashenzari's Generosity {RegenMP
                  | Dex+3}
  1799 | D:3      | Identified the +1 ring mail of Rotation {rElec Str+3}
  1884 | D:3      | Noticed Terence
  1891 | D:3      | Killed Terence
  1892 | D:3      | Reached XP level 5. HP: 37/46 MP: 4/4
  2157 | D:3      | Identified the +0 helmet "Igiwua" {Rampage rF+ rC+ Int-5}
  2157 | D:3      | Noticed Robin
  2162 | D:3      | Killed Robin
  2622 | D:3      | Identified the +4 dagger of Corruption {venom, rC+}
  2857 | D:4      | Reached skill level 5 in Axes
  2977 | D:4      | Noticed a phantom
  2987 | D:4      | Killed a phantom
  2988 | D:4      | Reached skill level 5 in Armour
  2988 | D:4      | Reached XP level 6. HP: 45/53 MP: 5/5
  3262 | D:5      | Entered Level 5 of the Dungeon
  3267 | D:5      | Reached skill level 1 in Dodging
  3342 | D:5      | Reached skill level 5 in Shields
  3376 | D:5      | Noticed an ice beast
  3385 | D:5      | HP: 2/53 [ice beast (13)]
  3386 | D:5      | Killed an ice beast
  3387 | D:5      | Reached XP level 7. HP: 2/60 MP: 6/6
  3993 | D:5      | Noticed Duvessa
  3993 | D:5      | Noticed Dowan
  4001 | D:5      | Killed Duvessa
  4001 | D:5      | Killed Dowan
  4002 | D:5      | Reached skill level 5 in Fighting
  4002 | D:5      | Reached XP level 8. HP: 51/68 MP: 7/7
  4147 | D:5      | Found a hide-covered altar of Uskayaw.
  4634 | D:6      | Reached skill level 10 in Axes
  4672 | D:6      | Noticed Blork the orc
  4680 | D:6      | Killed Blork the orc
  4810 | D:6      | Reached XP level 9. HP: 74/74 MP: 8/8
  5363 | D:7      | Noticed Menkaure
  5372 | D:7      | Killed Menkaure
  5574 | D:7      | Found a sacrificial altar of Ru.
  5666 | D:7      | Found Sehol's Antique Armour Shop.
  5810 | D:7      | Reached skill level 1 in Throwing
  6058 | D:7      | Found a staircase to the Ecumenical Temple.
  6093 | Temple   | Entered the Ecumenical Temple
  6119 | Temple   | Became a worshipper of Warmaster Okawaru
  6300 | D:8      | Reached skill level 1 in Invocations
  6421 | D:8      | Noticed a green ugly thing
  6449 | D:8      | Killed a green ugly thing
  6449 | D:8      | Reached * piety under Okawaru
  6450 | D:8      | Reached XP level 10. HP: 60/84 MP: 8/10
  6462 | D:8      | Reached ** piety under Okawaru
  6645 | D:8      | Noticed Prince Ribbit
  6668 | D:8      | Killed Prince Ribbit
  8162 | D:9      | Reached *** piety under Okawaru
  8740 | D:9      | Found Miqo Kio's Antique Weapon Boutique.
  8780 | D:9      | Noticed a manticore
  8782 | D:9      | Noticed a two-headed ogre
  8863 | D:9      | Killed a manticore
  8864 | D:9      | Reached skill level 5 in Dodging
  8925 | D:9      | Killed a two-headed ogre
  8926 | D:9      | Reached XP level 11. HP: 27/92 MP: 12/12
  9317 | D:9      | Found a shadowy altar of Dithmenos.
  9320 | D:9      | Found a glowing golden altar of the Shining One.
  9320 | D:9      | Found an opulent altar of Gozag.
  9331 | D:9      | Found a shimmering blue altar of Sif Muna.
  9334 | D:9      | Found a basalt altar of Yredelemnul.
  9453 | D:9      | Found a staircase to the Orcish Mines.
  9778 | D:9      | Reached skill level 15 in Axes
 10222 | D:2      | Bought a glowing kite shield for 217 gold pieces
 10394 | D:10     | Entered Level 10 of the Dungeon
 11207 | D:11     | Reached **** piety under Okawaru
 11328 | D:11     | Found a staircase to the Lair.
 11839 | D:11     | Noticed Grum
 11862 | D:11     | Killed Grum
 11866 | D:11     | Noticed Josephine
 11884 | D:11     | Killed Josephine
 12287 | D:11     | Noticed a two-headed ogre
 12297 | D:11     | Killed a two-headed ogre
 12796 | D:12     | Reached skill level 10 in Shields
 13210 | D:12     | Noticed a deep elf pyromancer
 13232 | D:12     | Killed a deep elf pyromancer
 13395 | D:12     | Reached skill level 5 in Invocations
 13395 | D:12     | Reached XP level 12. HP: 85/103 MP: 14/14
 13531 | D:12     | Found Xoqan's Antique Weapon Boutique.
 13536 | D:12     | Bought a runed broad axe for 154 gold pieces
 13775 | D:2      | Bought a scroll of brand weapon for 104 gold pieces
 14052 | Lair:1   | Entered Level 1 of the Lair of Beasts
 14441 | Lair:1   | Reached ***** piety under Okawaru
 14955 | Lair:2   | Received a gift from Okawaru
 15372 | Lair:2   | Found a hole to the Spider Nest.
 15590 | Lair:2   | Noticed a death yak
 15594 | Lair:2   | Noticed a death yak
 15600 | Lair:2   | Killed a death yak
 15601 | Lair:2   | Noticed a death yak
 15603 | Lair:2   | Noticed a death yak
 15606 | Lair:2   | Killed a death yak
 15619 | Lair:2   | Killed a death yak
 15626 | Lair:2   | Killed a death yak
 15626 | Lair:2   | Received a gift from Okawaru
 15627 | Lair:2   | Reached XP level 13. HP: 61/111 MP: 16/16
 16762 | Lair:3   | Received a gift from Okawaru
 16834 | Lair:3   | Identified the staff "Ogrebane" {rElec Str+6 Int-4 Dex+3
                  | Air Earth}
 16903 | Lair:3   | Found a staircase to the Shoals.
 17275 | Lair:4   | Noticed Kirke
 17372 | Lair:4   | Found a viscous altar of Jiyva.
 17377 | Lair:4   | Found a staircase to the Slime Pits.
 17427 | Lair:4   | Killed Kirke
 17441 | Lair:4   | Reached skill level 10 in Fighting
 17444 | Lair:4   | Reached ****** piety under Okawaru
 17450 | Lair:4   | Acquired a +2 heavy battleaxe
 17450 | Lair:4   | Received a gift from Okawaru
 17451 | Lair:4   | Acquired the +9 scales of the Dragon King {rPois rF+ rC+
                  | Will+}
 17451 | Lair:4   | Received a gift from Okawaru
 17451 | Lair:4   | Found the +9 scales of the Dragon King {rPois rF+ rC+
                  | Will+}
 17644 | Lair:4   | Received a gift from Okawaru
 18542 | D:2      | Bought a scroll of enchant weapon for 82 gold pieces
 18777 | Lair:5   | Entered Level 5 of the Lair of Beasts
 18796 | Lair:5   | Identified the +1 long sword "Impbane" {drain, Stlth+}
 18840 | Lair:5   | Found an ornate altar of the Wu Jian Council.
 18860 | Lair:5   | Received a gift from Okawaru
 18886 | Lair:5   | Found a hide-covered altar of Uskayaw.
 19205 | Lair:5   | Reached XP level 14. HP: 122/122 MP: 18/18
 19299 | Lair:5   | Received a gift from Okawaru
 20331 | D:12     | Received a gift from Okawaru
 20432 | D:12     | Noticed Nessos
 20436 | D:12     | Killed Nessos
 20750 | D:12     | Identified the +4 great sword of Luiqufodd {flame, rPois
                  | rC+ rN++ Int+2}
 20984 | Orc:1    | Entered Level 1 of the Orcish Mines
 21547 | Orc:2    | Entered Level 2 of the Orcish Mines
 21834 | Orc:2    | Found a staircase to the Elven Halls.
 22015 | Orc:2    | Found Taovuser's Antique Armour Emporium.
 22021 | Orc:2    | Reached skill level 15 in Shields
 22028 | Orc:2    | Received a gift from Okawaru
 22565 | Orc:2    | Reached skill level 10 in Armour
 22569 | Orc:2    | Found Edoulol Tag's Antique Weapon Boutique.
 22576 | Orc:2    | Found Dairud's General Store.
 22578 | Orc:2    | Found Asuah's Jewellery Emporium.
 22599 | Orc:2    | Bought a potion of curing for 51 gold pieces
 22843 | D:13     | Noticed Rupert
 22858 | D:13     | Killed Rupert
 22859 | D:13     | Reached XP level 15. HP: 115/132 MP: 18/20
 22932 | D:13     | Received a gift from Okawaru
 23000 | D:13     | Found a frozen archway.
 23022 | IceCv    | Entered an ice cave
 23378 | IceCv    | Received a gift from Okawaru
 23521 | IceCv    | Noticed a frost giant
 23536 | IceCv    | Killed a frost giant
 24018 | D:14     | Found Yzaid's Weapon Emporium.
 24369 | D:14     | Found a shadowy altar of Dithmenos.
 24589 | D:14     | Found a gate to the Vaults.
 24590 | D:14     | Noticed a shadow dragon
 24601 | D:14     | Killed a shadow dragon
 25048 | D:15     | Entered Level 15 of the Dungeon
 25068 | D:15     | Received a gift from Okawaru
 25410 | D:15     | Found a staircase to the Depths.
 25938 | D:15     | Noticed Agnes
 25949 | D:15     | Killed Agnes
 25949 | D:15     | Received a gift from Okawaru
 25994 | D:15     | Noticed Jorgrun
 26012 | D:15     | Killed Jorgrun
 26211 | D:15     | Noticed Roxanne
 26222 | D:15     | Killed Roxanne
 26890 | D:2      | Bought a pair of embroidered boots for 217 gold pieces
 27151 | Spider:1 | Entered Level 1 of the Spider Nest
 27263 | Spider:1 | Received a gift from Okawaru
 27266 | Spider:1 | Reached XP level 16. HP: 137/143 MP: 2/22
 27559 | Spider:1 | Reached skill level 10 in Invocations
 28311 | Spider:2 | Identified the blade talisman of Autotheism {rPois MP+9
                  | Str+5 Int-3}
 28537 | Spider:2 | Received a gift from Okawaru
 29966 | Spider:3 | Received a gift from Okawaru
 30352 | Spider:4 | Entered Level 4 of the Spider Nest
 30623 | Spider:4 | Received a gift from Okawaru
 30796 | Spider:4 | Noticed Mara
 30809 | Spider:4 | Killed Mara
 31073 | Spider:4 | Received a gift from Okawaru
 31118 | Spider:4 | Reached XP level 17. HP: 66/152 MP: 24/24
 32378 | Spider:4 | Reached skill level 1 in Evocations
 32412 | Spider:4 | Received a gift from Okawaru
 33026 | Spider:4 | Got a gossamer rune of Zot
 33277 | Shoals:1 | Entered Level 1 of the Shoals
 33277 | Shoals:1 | Found Gicwum's General Store.
 33421 | Shoals:1 | Received a gift from Okawaru
 33464 | Shoals:1 | Found Opatoig's General Store.
 33468 | Shoals:1 | Bought a potion of heal wounds for 75 gold pieces
 33468 | Shoals:1 | Bought a scroll of teleportation for 45 gold pieces
 33603 | Shoals:1 | Found Voryrgh's Distillery.
 33627 | Shoals:1 | Bought a potion of might for 52 gold pieces
 33627 | Shoals:1 | Bought 2 potions of experience for 1300 gold pieces
 33638 | Shoals:1 | Reached skill level 15 in Fighting
 33638 | Shoals:1 | Reached XP level 18. HP: 163/163 MP: 25/25
 33639 | Shoals:1 | Reached XP level 19. HP: 170/170 MP: 25/27
 33655 | Shoals:1 | Found Ciemp's Assorted Antiques.
 33848 | Shoals:1 | Found Moonann's Book Emporium.
 34101 | Shoals:2 | Found a hide-covered altar of Uskayaw.
 34440 | Shoals:2 | Found a transporter.
 34442 | Shoals:2 | Found a runed translucent gate.
 34442 | Shoals:2 | Found a runed translucent gate.
 34442 | Shoals:2 | Found a runed translucent gate.
 34447 | Shoals:2 | Noticed Jafont's ghost (journeyman HOFE)
 34921 | Shoals:2 | Found a transporter.
 35099 | Shoals:2 | Received a gift from Okawaru
 35105 | Shoals:2 | Gained mutation: You are frail. (-10% HP) [mutagenic glow]
 35114 | Shoals:2 | Killed Jafont's ghost
 35122 | Shoals:2 | Gained mutation: You are weak. (Str -2) [mutagenic glow]
 35215 | Shoals:2 | Identified the +1 cloak "Tiosadod" {^Drain Int+6}
 35260 | Shoals:2 | Reached skill level 1 in Unarmed Combat
 35533 | Shoals:2 | Identified the +9 spear of Ilyimown {holy, rPois}
 35535 | Shoals:2 | Got the Secrets of Arenous Voltage
 35537 | Shoals:2 | Got the Almanac of Planar Malevolent Words
 35591 | Shoals:3 | Reached XP level 20. HP: 162/162 MP: 26/28
 36672 | Shoals:4 | Entered Level 4 of the Shoals
 36672 | Shoals:4 | Noticed Donald
 36677 | Shoals:4 | Killed Donald
 36711 | Shoals:4 | Reached skill level 5 in Unarmed Combat
 37159 | Shoals:4 | Identified the ring "Elof" {rElec rCorr Str+3}
 37692 | Shoals:4 | Reached skill level 15 in Armour
 37713 | Shoals:4 | Identified the +8 hand axe of Intuition {freeze, Dex+3}
 37884 | Shoals:4 | Found Natuyku's Gadget Gallery.
 37981 | Shoals:4 | Got a barnacled rune of Zot
 38316 | Vaults:1 | Entered Level 1 of the Vaults
 38322 | Vaults:1 | Found Vioroukh's Weapon Emporium.
 38322 | Vaults:1 | Noticed Saint Roka
 38330 | Vaults:1 | Killed Saint Roka
 38617 | Vaults:1 | Received a gift from Okawaru
 38998 | Vaults:1 | Noticed Nikola
 39019 | Vaults:1 | Killed Nikola
 39406 | Vaults:1 | Reached skill level 5 in Throwing
 39757 | Vaults:1 | Received a gift from Okawaru
 40253 | Vaults:2 | Reached XP level 21. HP: 51/175 MP: 29/29
 41080 | Vaults:2 | Received a gift from Okawaru
 42128 | Vaults:2 | Received a gift from Okawaru
 42294 | Vaults:2 | Found a staircase to the Crypt.
 42414 | Vaults:2 | Reached skill level 5 in Evocations
 43618 | Vaults:3 | Received a gift from Okawaru
 43725 | Vaults:3 | Noticed Lianjan's ghost (adept GnWr)
 43726 | Vaults:3 | Found a transporter.
 43731 | Vaults:3 | Found a transporter.
 44178 | Vaults:4 | Found Ufikur's Magic Scroll Shop.
 44184 | Vaults:4 | Bought a scroll of blinking for 105 gold pieces
 44184 | Vaults:4 | Bought a scroll of teleportation for 42 gold pieces
 44648 | Vaults:4 | Reached XP level 22. HP: 139/187 MP: 30/30
 44755 | Vaults:4 | Received a gift from Okawaru
 45005 | Vaults:4 | Found Deisch's Book Boutique.
 45034 | Vaults:4 | Found Aghyr's Armour Emporium.
 45083 | Vaults:4 | Found Biruq's Antique Weapon Shop.
 45479 | Vaults:4 | Reached skill level 10 in Dodging
 45542 | Vaults:4 | Noticed a dread lich
 45570 | Vaults:4 | Paralysed by something for 4 turns
 46136 | Vaults:4 | Killed a dread lich
 46163 | Vaults:4 | Received a gift from Okawaru
 47109 | Elf:1    | Entered Level 1 of the Elven Halls
 47145 | Elf:1    | Paralysed by an air elemental for 1 turns
 47415 | Elf:1    | Received a gift from Okawaru
 47754 | Elf:1    | Got the Secrets of Blows
 47961 | Elf:2    | Found a runed translucent gate.
 47963 | Elf:2    | Found a runed translucent gate.
 47964 | Elf:2    | Found a runed translucent gate.
 48023 | Elf:2    | Found Ogosoygg's Jewellery Emporium.
 48025 | Elf:2    | Found Omoeho's General Store.
 48209 | Elf:2    | Found Wanopasy's Jewellery Shop.
 48247 | Elf:2    | Found Haopomura's Book Shop.
 48453 | Elf:2    | Got the Octavo of Seven Elven Habits
 48684 | Elf:2    | Found Witt's Armour Shoppe.
 48808 | Elf:3    | Entered Level 3 of the Elven Halls
 48828 | Elf:3    | Found a portal to a secret trove of treasure.
 50270 | Elf:3    | Identified the +0 leather armour of the Shining Light {rC+
                  | Will+ Slay+4}
 50271 | Elf:3    | Found Xoubi's Jewellery Boutique.
 50290 | Elf:3    | Noticed Louise
 50298 | Elf:3    | Killed Louise
 50337 | Elf:3    | Found Osmoet's General Store.
 50339 | Elf:3    | Found Muxt's Book Boutique.
 50342 | Elf:3    | Found Hepuugep's Jewellery Shop.
 50802 | Elf:3    | Received a gift from Okawaru
 50805 | Elf:3    | Identified the +0 chain mail of a bazaar {rF- Slay+3
                  | Stlth+}
 50812 | Elf:3    | Identified the amulet of Kuteaz {Spirit Int+4}
 50904 | Elf:3    | Identified the ring of the Final Seas {Wiz rElec Will-
                  | SInv}
 50950 | Elf:3    | Reached XP level 23. HP: 182/200 MP: 31/31
 51027 | Elf:3    | Identified the +6 quarterstaff of the Evil Eye {freeze, rC-
                  | Str+3 Dex+7}
 51027 | Elf:3    | Identified the +0 robe of Zijipper {rN+}
 51027 | Elf:3    | Identified the ring "Noycuq" {Wiz Str+3 Dex+3}
 51060 | Elf:3    | Got Sif Muna's Catalogue of the Energetic Damned
 51061 | Elf:3    | Identified the staff of Immorality {rC+ Int+5 Dex+5 Ice}
 51179 | Elf:3    | Got the Writings on Command and Locality
 51633 | D:13     | Identified the +6 broad axe of Blood {freeze, Dex+4}
 51889 | D:13     | Found a large runed translucent door.
 51926 | D:13     | Found a large runed translucent door.
 51927 | D:13     | Found a large runed translucent door.
 51928 | D:13     | Found a large runed translucent door.
 52116 | D:13     | Found a large runed translucent door.
 52119 | D:13     | Found a large runed translucent door.
 52211 | D:13     | Received a gift from Okawaru
 52313 | D:13     | Found a large runed translucent door.
 52317 | D:13     | Found a large runed translucent door.
 52577 | Depths:1 | Entered Level 1 of the Depths
 52629 | Depths:1 | Reached skill level 10 in Throwing
 52721 | Depths:1 | Noticed Janeylunn's ghost (veteran GnWn)
 52776 | Depths:1 | Found a transporter.
 53146 | Depths:1 | Reached XP level 24. HP: 209/209 MP: 31/31
 53208 | Depths:1 | Received a gift from Okawaru
 53343 | Depths:1 | Found a transporter.
 53423 | Depths:1 | Found Lylum's Antique Armour Boutique.
 53471 | Depths:1 | Found a stormy altar of Qazlal.
 53521 | Depths:1 | Found a gateway to Hell.
 54047 | Depths:2 | Found Cuxty's Serpentskin Sales.
 54080 | Depths:2 | Found a one-way gate leading to the halls of Pandemonium.
 54237 | Depths:2 | Identified the +5 war axe of Glory {elec, *Corrode Will+
                  | Int+3}
 54274 | Depths:2 | Paralysed by a sphinx for 5 turns
 55019 | Depths:2 | Found a corrupted altar of Lugonu.
 55019 | Depths:2 | Found a one-way gate to the infinite horrors of the Abyss.
 55526 | Depths:3 | Noticed the Enchantress
 55533 | Depths:3 | Received a gift from Okawaru
 55536 | Depths:3 | Killed the Enchantress
 57189 | Depths:3 | Reached XP level 25. HP: 220/220 MP: 30/31
 57196 | Depths:3 | Received a gift from Okawaru
 57495 | Depths:3 | Noticed Norris
 57507 | Depths:3 | Killed Norris
 57590 | Depths:3 | Identified the +0 scale mail "Kadwedwo" {Stlth+}
 57594 | Depths:3 | Identified the staff of Falioh {rC+ Str+5 Stlth+ Ice Earth}
 57790 | Depths:3 | Found Kompaude's Book Shop.
 57790 | Depths:3 | Found Puekuxij's Jewellery Emporium.
 57791 | Depths:3 | Found Zamuk's Book Shop.
 57821 | Depths:3 | Noticed an ancient lich
 57821 | Depths:3 | Found a one-way gateway to a ziggurat.
 57831 | Depths:3 | Killed an ancient lich
 58029 | Depths:3 | Found an iron altar of Okawaru.
 58230 | Depths:4 | Entered Level 4 of the Depths
 58263 | Depths:4 | Reached skill level 10 in Evocations
 58592 | Depths:4 | Received a gift from Okawaru
 58826 | Depths:4 | Found a gate to the Realm of Zot.
 59297 | Depths:4 | Found a sparkling altar of Nemelex Xobeh.
 60203 | Elf:2    | Bought a manual of Fighting for 1520 gold pieces
 60286 | Orc:2    | Bought a potion of haste for 170 gold pieces
 60286 | Orc:2    | Bought a potion of might for 68 gold pieces
 60286 | Orc:2    | Bought a potion of magic for 136 gold pieces
 60492 | Shoals:1 | Bought a potion of magic for 336 gold pieces
 60783 | Depths:1 | Killed Janeylunn's ghost
 60783 | Depths:1 | Received a gift from Okawaru
 61047 | Vaults:5 | Entered Level 5 of the Vaults
 61049 | Vaults:5 | Noticed Xtahua
 61063 | Vaults:5 | Killed Xtahua
 61110 | Vaults:5 | Received a gift from Okawaru
 61592 | Vaults:5 | Identified the +11 sling of Resourcefulness {freeze, rElec
                  | rCorr}
 61595 | Vaults:5 | Identified the +0 robe of Daitum Onedi {^Drain Str+4 SInv}
 61639 | Vaults:5 | Found the +3 pair of seven-league boots {Rampage+∞}
 61663 | Vaults:5 | Received a gift from Okawaru
 61730 | Vaults:5 | Identified the ring of Life {Ice rElec MP-9 Int-3 Dex+6}
 61773 | Vaults:5 | Reached XP level 26. HP: 227/234 MP: 31/31
 61799 | Vaults:5 | Identified the +9 scimitar of Apli {freeze, rPois Will+}
 61811 | Vaults:5 | Noticed an ancient lich
 61833 | Vaults:5 | Killed an ancient lich
 62039 | Vaults:5 | Identified the +10 flail "Gueqyxt" {drain, rC+ rN+ rCorr}
 62251 | Vaults:5 | Identified the +7 dagger "Axihiz" {flame, rC+}
 62252 | Vaults:5 | Identified the +3 long sword of Pokhig {freeze, ^Fragile
                  | rF+ rN+}
 62255 | Vaults:5 | Found the +3 giant club "Skullcrusher" {speed, Str+7}
 62289 | Vaults:5 | Identified the staff of Dabutoli {rPois rF+ rC- Str+3 Fire}
 62289 | Vaults:5 | Found the +2 hat of the Bear Spirit {Spirit, Bear, *Rage
                  | Will++}
 62289 | Vaults:5 | Found the +5 Lochaber axe {reach-cleave, Poleaxe ^Drain}
 62291 | Vaults:5 | Got the Volume of Guile and Virulence
 62299 | Vaults:5 | Identified the +0 hat "Umat" {Slay+3 Stlth+}
 62304 | Vaults:5 | Identified the +7 trident "Xurgh" {flame, *Corrode rElec
                  | Will+ Int+5}
 62339 | Vaults:5 | Received a gift from Okawaru
 62414 | Vaults:5 | Identified the +1 chain mail of Ociwar {Str+6}
 62469 | Vaults:5 | Identified the +3 chain mail of Enkege {rF+}
 62593 | Vaults:5 | Got a silver rune of Zot
 63098 | Shoals:1 | Bought a potion of resistance for 130 gold pieces
 63098 | Shoals:1 | Bought a potion of haste for 130 gold pieces
 63343 | D:9      | Fell from the grace of Okawaru
 63343 | D:9      | Became a worshipper of the Shining One
 63928 | Crypt:1  | Entered Level 1 of the Crypt
 63946 | Crypt:1  | Reached * piety under the Shining One
 63961 | Crypt:1  | Reached ** piety under the Shining One
 64268 | Crypt:1  | Reached *** piety under the Shining One
 64539 | Crypt:1  | Reached **** piety under the Shining One
 65002 | Crypt:2  | Reached skill level 27 in Fighting
 65021 | Crypt:2  | Reached ***** piety under the Shining One
 65162 | Crypt:2  | Noticed Margery
 65174 | Crypt:2  | Killed Margery
 65199 | Crypt:2  | Found a basalt altar of Yredelemnul.
 65274 | Crypt:2  | Identified the +4 falchion of Gecwagy {freeze, *Slow rC+++
                  | rCorr Str-3}
 65665 | Crypt:3  | Entered Level 3 of the Crypt
 65668 | Crypt:3  | Reached ****** piety under the Shining One
 65725 | Crypt:3  | Identified a +7 broad axe of holy wrath (a +5 broad axe of
                  | flaming blessed by the Shining One)
 65725 | Crypt:3  | Received a gift from the Shining One
 65984 | Crypt:3  | Noticed an ancient lich
 65985 | Crypt:3  | Found a basalt altar of Yredelemnul.
 65988 | Crypt:3  | Killed an ancient lich
 66018 | Crypt:3  | Got an ivory gem with 52 turns to spare
 66273 | Crypt:3  | Found a staircase to the Tomb.
 67086 | Slime:1  | Entered Level 1 of the Pits of Slime
 67135 | Slime:2  | Gained mutation: Your magical capacity is low. (-10% MP) [a
                  | shining eye]
 67191 | Slime:5  | Entered Level 5 of the Pits of Slime
 67298 | Slime:5  | Found a viscous altar of Jiyva.
 67298 | Slime:5  | Noticed the Royal Jelly
 67298 | Slime:5  | Identified a scroll of acquirement
 67302 | Slime:5  | Reached XP level 27. HP: 217/245 MP: 25/28
 67308 | Slime:5  | Reached skill level 15 in Dodging
 67310 | Slime:5  | Killed the Royal Jelly
 67777 | Slime:5  | Found the +13 scythe of Curses {drain, curses, ^Drain}
 67966 | Slime:5  | Identified the ring of Baonydas {MP+9 Str+6}
 67968 | Slime:5  | Identified the amulet "Ecleameo" {RegenMP rPois rC+}
 68022 | Slime:5  | Identified the +3 mace of Zicrammi {freeze, Dex+4}
 68052 | Slime:5  | Identified the ring "Zunaec" {Wiz rElec}
 68066 | Slime:5  | Acquired 1272 gold pieces
 68091 | Slime:5  | Identified the +4 spear of Kaogh {spect, rF+ rC+ Int+4}
 68107 | Slime:5  | Got a slimy rune of Zot
 68114 | Slime:5  | Identified the +5 spear of the Nexus {freeze, Int+3 Stlth+}
 68655 | Lair:4   | Lost mutation: Your magical capacity is low. (-10% MP)
                  | [potion of mutation]
 68655 | Lair:4   | Lost mutation: You are weak. (Str -2) [potion of mutation]
 68655 | Lair:4   | Gained mutation: You have sharp toenails. [potion of
                  | mutation]
 68655 | Lair:4   | Gained mutation: Your mind is acute. (Int +4, Str/Dex -1)
                  | [potion of mutation]
 69127 | Pan      | Entered Pandemonium
 69312 | Pan      | Gained mutation: Armour fits poorly on your strangely
                  | shaped body. [a cacodemon]
 69778 | Pan      | Noticed Jigreunn the pandemonium lord
 69797 | Pan      | Killed Jigreunn the pandemonium lord
 70773 | Pan      | Was forgiven by Okawaru
 71070 | Pan      | Noticed Icedaw the pandemonium lord
 71109 | Pan      | Killed Icedaw the pandemonium lord
 71114 | Pan      | Got a demonic rune of Zot
 71156 | Pan      | Noticed Ignacio
 71162 | Pan      | Killed Ignacio
 72208 | Pan      | Noticed Wesamiez the pandemonium lord
 72219 | Pan      | Killed Wesamiez the pandemonium lord
 72278 | Pan      | Noticed Mennas
 72288 | Pan      | Killed Mennas
 72948 | Pan      | Noticed Paecipan the pandemonium lord
 72957 | Pan      | Killed Paecipan the pandemonium lord
 73041 | Pan      | Gained mutation: You are very frail. (-20% HP) [a neqoxec]
 73344 | Pan      | Identified the amulet of Qafraroe {Spirit Str+3 Dex+2}
 73570 | Depths:2 | Escaped Pandemonium
 73610 | Depths:3 | Voluntarily entered the Abyss.
 73626 | Abyss:1  | Found a corrupted altar of Lugonu.
 73817 | Abyss:2  | Reached skill level 15 in Invocations
 73864 | Abyss:2  | Reached skill level 27 in Axes
 73879 | Abyss:2  | Found a corrupted altar of Lugonu.
 73917 | Abyss:2  | Found a corrupted altar of Lugonu.
 74571 | Abyss:3  | Found a corrupted altar of Lugonu.
 74913 | Abyss:3  | Found a corrupted altar of Lugonu.
 75041 | Abyss:3  | Reached skill level 27 in Shields
 75165 | Abyss:3  | Noticed an ancient lich
 75261 | Abyss:3  | Found a corrupted altar of Lugonu.
 75302 | Abyss:3  | Found a corrupted altar of Lugonu.
 75453 | Abyss:3  | Paralysed by an air elemental for 1 turns
 75454 | Abyss:3  | Noticed an ancient lich
 75463 | Abyss:3  | Killed an ancient lich
 75473 | Abyss:3  | Reached skill level 15 in Throwing
 75561 | Abyss:3  | Killed an ancient lich
 75721 | Abyss:3  | Noticed an ancient lich
 75735 | Abyss:3  | Killed an ancient lich
 76315 | Abyss:3  | Found a corrupted altar of Lugonu.
 76607 | Abyss:3  | Noticed a dread lich
 76612 | Abyss:3  | Killed a dread lich
 76927 | Abyss:3  | Noticed an ancient lich
 76935 | Abyss:3  | Killed an ancient lich
 76951 | Abyss:3  | Found a corrupted altar of Lugonu.
 77062 | Abyss:3  | Found a corrupted altar of Lugonu.
 77132 | Abyss:3  | Found a corrupted altar of Lugonu.
 77143 | Abyss:3  | Found a corrupted altar of Lugonu.
 77245 | Abyss:3  | Found a corrupted altar of Lugonu.
 77387 | Abyss:4  | Got an abyssal rune of Zot
 77493 | Abyss:4  | Paralysed by accursed screaming for 1 turns
 77505 | Depths:3 | Escaped the Abyss
 78217 | Elf:3    | You showed the abyssal rune of Zot to enter a treasure
                  | trove
 78218 | Trove    | Entered a treasure trove
 78224 | Trove    | Identified the ring "Asiwnenu" {Int+2 Dex+6}
 78226 | Trove    | Identified the ring of Liberalism {Str+2 Int-4 Dex+6 SInv
                  | Stlth+}
 78231 | Trove    | Identified the ring "Tugir" {rElec rC+ Str+2 Dex+3}
 78233 | Trove    | Identified the ring "Zes Joe" {Will+ rCorr Str-3 Dex+4
                  | Stlth+}
 78236 | Trove    | Identified the ring of the Moon {Wiz rPois rC+ MP+9 Str+3}
 78240 | Trove    | Identified the ring "Loutukow" {Fire rElec Will+ Str+3}
 78242 | Trove    | Identified the ring of Compassion {Fire *Slow rElec Will-
                  | SInv}
 78246 | Trove    | Identified the ring "Puqetteo" {rElec rF+ Int+3}
 78248 | Trove    | Identified the amulet "Setuk" {Reflect +Blink rF+ MP+9
                  | SH+5}
 78250 | Trove    | Identified the ring "Ugaikhlu" {rF+ rN+ Will- Str+3 Int+6}
 78614 | Pan      | Entered Pandemonium
 79031 | Pan      | Found a huge runed translucent gate.
 79033 | Pan      | Found a huge runed translucent gate.
 79034 | Pan      | Found a huge runed translucent gate.
 79035 | Pan      | Found a huge runed translucent gate.
 79035 | Pan      | Found a huge runed translucent gate.
 79154 | Pan      | Found an exit through the horrors of the Abyss.
 79430 | Pan      | Found a huge runed translucent gate.
 79430 | Pan      | Found a huge runed translucent gate.
 79505 | Pan      | Noticed Toff the pandemonium lord
 80068 | Pan      | Noticed Nomi the pandemonium lord
 80092 | Pan      | Killed Nomi the pandemonium lord
 80465 | Pan      | Identified the +3 tower shield of Boredom {rElec Int-4
                  | Dex+6 Slay+3}
 80672 | Pan      | Found a glowing silver altar of Zin.
 81238 | Pan      | Noticed a seraph
 81244 | Pan      | Killed a seraph
 81249 | Pan      | Found a glowing golden altar of the Shining One.
 81387 | Pan      | Identified the staff "Muarphu" {Fly rElec Earth}
 81397 | Pan      | Identified the staff "Sihitada" {rElec rF+ Will+ Stlth+
                  | Fire Ice}
 81398 | Pan      | Identified the staff of Unreason {rC+ Stlth+ Ice}
 81769 | Pan      | Found a white marble altar of Elyvilon.
 81777 | Pan      | Identified the +1 plate armour "Xaufovedgh" {rC+}
 83121 | Pan      | Entered the realm of Lom Lobon.
 83766 | Pan      | Noticed Lom Lobon
 83785 | Pan      | Killed Lom Lobon
 83881 | Pan      | Got a magical rune of Zot
 84366 | Pan      | Noticed Pemu the pandemonium lord
 84377 | Pan      | Killed Pemu the pandemonium lord
 84764 | Pan      | Identified the +9 war axe "Qewnal" {flame, Dex+4}
 85076 | Pan      | Noticed Fuir the pandemonium lord
 85080 | Pan      | Killed Fuir the pandemonium lord
 85259 | Pan      | Found an exit through the horrors of the Abyss.
 85432 | Pan      | Entered the realm of Gloorx Vloq.
 85481 | Pan      | Found an exit through the horrors of the Abyss.
 85888 | Pan      | Reached skill level 27 in Armour
 86088 | Pan      | Noticed Gloorx Vloq
 86645 | Pan      | Killed Gloorx Vloq
 86918 | Pan      | Got a dark rune of Zot
 87086 | Pan      | Noticed Linemat the pandemonium lord
 87095 | Pan      | Killed Linemat the pandemonium lord
 87131 | Pan      | Identified the +5 quarterstaff of Dividends {elec, rF+++}
 87555 | Pan      | Entered the realm of Mnoleg.
 87606 | Pan      | Gained mutation: You are clumsy. (Dex -2) [a neqoxec]
 87757 | Pan      | Found an exit through the horrors of the Abyss.
 87916 | Pan      | Noticed Mnoleg
 87944 | Pan      | Killed Mnoleg
 87952 | Pan      | Gained mutation: Your health recovers twice as slowly from
                  | being drained. [a cacodemon]
 88026 | Pan      | Lost mutation: Your mind is acute. (Int +4, Str/Dex -1) [a
                  | cacodemon]
 88095 | Pan      | Got a glowing rune of Zot
 88163 | Pan      | Lost mutation: You are very frail. (-20% HP) [potion of
                  | mutation]
 88163 | Pan      | Lost mutation: You are frail. (-10% HP) [potion of
                  | mutation]
 88163 | Pan      | Lost mutation: Armour fits poorly on your strangely shaped
                  | body. [potion of mutation]
 88163 | Pan      | Gained mutation: You are partially covered in large bone
                  | plates. (SH +4) [potion of mutation]
 88165 | Pan      | Entered the realm of Cerebov.
 88165 | Pan      | Found an exit through the horrors of the Abyss.
 88361 | Pan      | Found the +6 sword of Cerebov {flame}
 88361 | Pan      | Noticed Cerebov
 88949 | Pan      | Killed Cerebov
 89082 | Pan      | Identified the +0 long sword of Causality {elec, rElec
                  | Will+ Str+4}
 89083 | Pan      | Identified the +5 scale mail "Iwkahir" {rCorr}
 89090 | Pan      | Identified the ring of Feux {rC+ Str+6}
 89156 | Pan      | Identified the ring of Zopsukoo {rCorr Str+2 Int+3 Dex+6}
 89159 | Pan      | Identified the +8 glaive "Goblinbane" {venom, rN+}
 89163 | Pan      | Identified the +0 chain mail of Dawn {rCorr Int-2 SInv
                  | Stlth+}
 89222 | Pan      | Identified the +3 morningstar of the Pure Loafs {flame,
                  | rC++ Will+ Dex+5}
 89230 | Pan      | Got the Compilation of the Glowing Graveyard
 89261 | Pan      | Identified the staff of the Heavens {rN+ Dex+3 Necro Air}
 89585 | Pan      | Got a fiery rune of Zot
 89621 | Pan      | Identified the +6 rapier "Goblinslayer" {drain, rPois rN+
                  | Will+}
 89728 | Depths:2 | Escaped Pandemonium
 89792 | Zig:1    | Entered Level 1 of a ziggurat
 89812 | Zig:2    | Entered Level 2 of a ziggurat
 89852 | Zig:3    | Entered Level 3 of a ziggurat
 89852 | Zig:3    | Noticed a dread lich
 89854 | Zig:3    | Killed a dread lich
 89872 | Zig:4    | Entered Level 4 of a ziggurat
 89906 | Zig:4    | Got the Grimoire of Flaming Anathema
 89913 | Zig:5    | Entered Level 5 of a ziggurat
 89915 | Zig:5    | Noticed Eshrulure the pandemonium lord
 89923 | Zig:5    | Killed Eshrulure the pandemonium lord
 89932 | Zig:5    | Got the Anthology of Thunder and Wanderlust
 89937 | Zig:5    | Identified the amulet "Exaepsui" {Regen+ Dex+6}
 89941 | Zig:6    | Entered Level 6 of a ziggurat
 89960 | Zig:6    | Identified the +10 shortbow of Ascent {flame, rN+}
 89976 | Zig:7    | Entered Level 7 of a ziggurat
 89996 | Zig:7    | Gained mutation: You occasionally shout uncontrollably at
                  | your foes. [a shining eye]
 89997 | Zig:7    | Gained mutation: You frequently scream uncontrollably at
                  | your foes. [a shining eye]
 89998 | Zig:7    | Gained mutation: Your magical capacity is low. (-10% MP) [a
                  | shining eye]
 90032 | Zig:7    | Identified the +6 scale mail "Gugilicw" {Will+}
 90033 | Zig:7    | Identified the ring "Qinwur" {rF+ Str+4}
 90043 | Zig:8    | Entered Level 8 of a ziggurat
 90124 | Zig:8    | Identified the +6 battleaxe of Pays {flame, Int+6}
 90135 | Zig:9    | Entered Level 9 of a ziggurat
 90206 | Zig:9    | Identified the ring of Noon {rElec rF+ rCorr Int+2 Dex-4}
 90211 | Zig:9    | Identified the staff of a bazaar {rPois Str+2 Alchemy}
 90221 | Zig:10   | Entered Level 10 of a ziggurat
 90387 | Zig:10   | Identified the +8 morningstar of Bodily Harmony {venom, rF+
                  | rN+ Stlth+}
 90390 | Zig:10   | Identified the staff of Departure {rElec rF+ SInv Stlth-
                  | Fire}
 90418 | Zig:11   | Entered Level 11 of a ziggurat
 90448 | Zig:11   | Identified the +5 dagger of the Mosquito {freeze, rElec
                  | Stlth+}
 90449 | Zig:11   | Identified the ring "Nistude" {Fly rPois Int+4 SInv Stlth-}
 90453 | Zig:11   | Identified the +2 hand axe "Qyogopha" {protect, Dex+3}
 90461 | Zig:11   | Identified the +0 pair of gloves of the Catamount {Will++
                  | Int-3 Dex+2 Stlth+}
 90488 | Zig:12   | Entered Level 12 of a ziggurat
 90779 | Zig:12   | Identified the +3 great sword of Cierypn {freeze, rC++
                  | Will- Int+2}
 90788 | Zig:12   | Identified the +5 dagger of the Whelk {flame, Str+2}
 90791 | Zig:12   | Identified the staff of Quantum Leap {rN+ Will+ Dex+3 SInv
                  | Earth}
 90792 | Zig:12   | Identified the ring of Grace {Fire ^Drain rPois Int+3}
 90797 | Zig:12   | Identified the +6 quarterstaff of Untimely Demise {spect,
                  | rPois rF+ Str+2}
 90844 | Zig:13   | Entered Level 13 of a ziggurat
 90860 | Zig:13   | Noticed a royal mummy
 90891 | Zig:13   | Killed a royal mummy
 91163 | Zig:13   | Identified the amulet "Xeav" {Reflect rElec Dex+3 SH+5
                  | Stlth+}
 91166 | Zig:13   | Identified the +0 leather armour "Asozea" {Harm}
 91255 | Zig:14   | Entered Level 14 of a ziggurat
 91290 | Zig:14   | Found the +10 Black Knight's barding {ponderous, rPois rN+}
 91671 | Zig:14   | Identified the amulet of Koptotro {Faith +Blink rN++ Str+3
                  | Dex-3}
 91682 | Zig:14   | Identified the +7 quarterstaff of Rimasho {elec, *Corrode
                  | rF+ rC+ Str+3}
 91685 | Zig:14   | Identified the +2 flail of Puckish Prudence {venom, rC+}
 91754 | Zig:15   | Entered Level 15 of a ziggurat
 91782 | Zig:15   | Noticed Qem Qaac the pandemonium lord
 91784 | Zig:15   | Noticed Zirgh the pandemonium lord
 91790 | Zig:15   | Killed Zirgh the pandemonium lord
 91791 | Zig:15   | Noticed Veraphaa the pandemonium lord
 91795 | Zig:15   | Killed Qem Qaac the pandemonium lord
 91795 | Zig:15   | Noticed Inuquda the pandemonium lord
 91799 | Zig:15   | Noticed Icuyd the pandemonium lord
 91803 | Zig:15   | Killed Veraphaa the pandemonium lord
 91810 | Zig:15   | Killed Inuquda the pandemonium lord
 91818 | Zig:15   | Killed Icuyd the pandemonium lord
 92086 | Zig:15   | Identified the +4 demon trident of Hospitality {pain,
                  | *Noise Fly rF++ Will-}
 92091 | Zig:15   | Identified the +3 buckler "Votrun" {rN+ Int+4}
 92102 | Zig:15   | Identified the +1 leather armour of Death Resistance {rF+
                  | Dex+5}
 92103 | Zig:15   | Identified the +0 leather armour of the Snake Pit {+Inv}
 92154 | Zig:16   | Entered Level 16 of a ziggurat
 92173 | Zig:16   | Noticed a royal mummy
 92176 | Zig:16   | Noticed a royal mummy
 92180 | Zig:16   | Killed a royal mummy
 92180 | Zig:16   | Noticed a royal mummy
 92182 | Zig:16   | Killed a royal mummy
 92185 | Zig:16   | Killed a royal mummy
 92193 | Zig:16   | Noticed a royal mummy
 92200 | Zig:16   | Noticed a royal mummy
 92208 | Zig:16   | Killed a royal mummy
 92218 | Zig:16   | Killed a royal mummy
 92474 | Zig:16   | Identified the +0 leather armour of Ahapp {Dex+3}
 92489 | Zig:16   | Identified the +6 hand axe of the Enchanting Gnat {distort,
                  | rF+ rN+}
 92491 | Zig:16   | Identified the ring "Erurea" {+Blink rElec rN+ Will- SInv}
 92514 | Zig:16   | Lost mutation: Your health recovers twice as slowly from
                  | being drained. [potion of mutation]
 92514 | Zig:16   | Lost mutation: You frequently scream uncontrollably at your
                  | foes. [potion of mutation]
 92514 | Zig:16   | Gained mutation: You passively map a small area around you.
                  | [potion of mutation]
 92515 | Zig:16   | Lost mutation: You have sharp toenails. [potion of
                  | mutation]
 92515 | Zig:16   | Lost mutation: You passively map a small area around you.
                  | [potion of mutation]
 92515 | Zig:16   | Lost mutation: You are clumsy. (Dex -2) [potion of
                  | mutation]
 92515 | Zig:16   | Gained mutation: You are clumsy. (Dex -2) [potion of
                  | mutation]
 92516 | Zig:16   | Lost mutation: You occasionally shout uncontrollably at
                  | your foes. [potion of mutation]
 92516 | Zig:16   | Lost mutation: You are clumsy. (Dex -2) [potion of
                  | mutation]
 92516 | Zig:16   | Lost mutation: Your magical capacity is low. (-10% MP)
                  | [potion of mutation]
 92516 | Zig:16   | Gained mutation: Your muscles are strong. (Str +4, Int/Dex
                  | -1) [potion of mutation]
 92516 | Zig:16   | Gained mutation: You expend magic power (3 MP) to
                  | strengthen your wands. [potion of mutation]
 92659 | Zot:1    | Entered Level 1 of the Realm of Zot
 92864 | Zot:1    | Found a transporter.
 93177 | Zot:1    | Found a transporter.
 94018 | Zot:2    | Got Qakh's Lessons on Attacks and Movement
 94260 | Zot:2    | Found a transporter.
 94713 | Zot:2    | Found a transporter.
 95029 | Zot:2    | Gained mutation: You are dopey. (Int -2) [mutagenic glow]
 95037 | Zot:2    | Gained mutation: You do not regenerate when monsters are
                  | visible. [mutagenic glow]
 95052 | Zot:2    | Gained mutation: You sometimes lose your temper in combat.
                  | [mutagenic glow]
 95197 | Zot:2    | Identified the ring "Puof Waodd" {rPois Will- Str+6 Int-2
                  | Slay+4}
 95208 | Zot:2    | Identified the ring "Vown" {rN+ Int+2 Dex+3}
 95896 | Vaults:4 | Bought a scroll of enchant armour for 105 gold pieces
 96251 | D:2      | Bought 3 scrolls of enchant armour for 247 gold pieces
 96524 | Shoals:1 | Bought a scroll of enchant armour for 112 gold pieces
 96806 | Vaults:3 | Killed Lianjan's ghost
 98025 | Zot:3    | Identified the +3 scale mail of Minor Irritation {rC+
                  | rCorr}
 98027 | Zot:3    | Identified the +10 orcbow of the Resonant God {heavy, Str+3
                  | Dex-5}
 99362 | Hell     | Entered the Vestibule of Hell
 99363 | Hell     | Noticed Geryon
 99416 | Hell     | Killed Geryon
 99449 | Hell     | Found a gateway to the freezing wastes of Cocytus.
 99537 | Hell     | Found a gateway to the Iron City of Dis.
 99674 | Hell     | Found a gateway to the decaying netherworld of Tartarus.
 99725 | Hell     | Found a gateway to the ashen valley of Gehenna.
 99824 | Hell     | Lost mutation: You sometimes lose your temper in combat.
                  | [potion of mutation]
 99824 | Hell     | Lost mutation: You expend magic power (3 MP) to strengthen
                  | your wands. [potion of mutation]
 99824 | Hell     | Lost mutation: You do not regenerate when monsters are
                  | visible. [potion of mutation]
 99824 | Hell     | Lost mutation: Your muscles are strong. (Str +4, Int/Dex
                  | -1) [potion of mutation]
 99824 | Hell     | Gained mutation: Your skin changes colour to match your
                  | surroundings (Stealth+). [potion of mutation]
 99824 | Hell     | Gained mutation: You are somewhat resistant to further
                  | mutation. [potion of mutation]
100162 | Tomb:1   | Entered Level 1 of the Tomb of the Ancients
100767 | Tomb:1   | Noticed a royal mummy
100767 | Tomb:1   | Noticed a royal mummy
100771 | Tomb:1   | Killed a royal mummy
100779 | Tomb:1   | Killed a royal mummy
101810 | Tomb:2   | Noticed a royal mummy
101810 | Tomb:2   | Noticed a royal mummy
101810 | Tomb:2   | Noticed a royal mummy
101810 | Tomb:2   | Noticed a royal mummy
101845 | Tomb:2   | Killed a royal mummy
101852 | Tomb:2   | Killed a royal mummy
101854 | Tomb:2   | Killed a royal mummy
101859 | Tomb:2   | Killed a royal mummy
102202 | Tomb:1   | Noticed a royal mummy
102202 | Tomb:1   | Noticed a royal mummy
102206 | Tomb:1   | Noticed a royal mummy
102208 | Tomb:1   | Killed a royal mummy
102208 | Tomb:1   | Noticed a royal mummy
102213 | Tomb:1   | Noticed a royal mummy
102217 | Tomb:1   | Killed a royal mummy
102217 | Tomb:1   | Noticed a royal mummy
102217 | Tomb:1   | Noticed a royal mummy
102220 | Tomb:1   | Killed a royal mummy
102701 | Tomb:1   | Noticed a royal mummy
102709 | Tomb:1   | Noticed a royal mummy
102715 | Tomb:1   | Killed a royal mummy
102743 | Tomb:1   | Killed a royal mummy
102761 | Tomb:1   | Killed a royal mummy
102765 | Tomb:1   | Killed a royal mummy
102773 | Tomb:1   | Killed a royal mummy
102777 | Tomb:1   | Killed a royal mummy
103126 | Tomb:1   | Noticed a royal mummy
103127 | Tomb:1   | Noticed a royal mummy
103127 | Tomb:1   | Noticed a royal mummy
103129 | Tomb:1   | Noticed a royal mummy
103148 | Tomb:1   | Noticed a royal mummy
103149 | Tomb:1   | Killed a royal mummy
103149 | Tomb:1   | Killed a royal mummy
103152 | Tomb:1   | Killed a royal mummy
103166 | Tomb:1   | Killed a royal mummy
103167 | Tomb:1   | Reached skill level 15 in Evocations
103171 | Tomb:1   | Killed a royal mummy
103180 | Tomb:1   | Noticed a royal mummy
103183 | Tomb:1   | Killed a royal mummy
103497 | Tomb:1   | Noticed a royal mummy
103510 | Tomb:1   | Killed a royal mummy
104697 | Tomb:3   | Entered Level 3 of the Tomb of the Ancients
104774 | Tomb:3   | Noticed a royal mummy
104776 | Tomb:3   | Reached skill level 27 in Invocations
104776 | Tomb:3   | Noticed a royal mummy
104782 | Tomb:3   | Noticed a royal mummy
104787 | Tomb:3   | Noticed a royal mummy
104797 | Tomb:3   | Noticed a royal mummy
104801 | Tomb:3   | Killed a royal mummy
104801 | Tomb:3   | Killed a royal mummy
104802 | Tomb:3   | Killed a royal mummy
104802 | Tomb:3   | Noticed a royal mummy
104803 | Tomb:3   | Killed a royal mummy
104806 | Tomb:3   | Noticed a royal mummy
104813 | Tomb:3   | Killed a royal mummy
104815 | Tomb:3   | Killed a royal mummy
104816 | Tomb:3   | Noticed a royal mummy
104829 | Tomb:3   | Killed a royal mummy
104835 | Tomb:3   | Killed a royal mummy
104837 | Tomb:3   | Noticed a royal mummy
104855 | Tomb:3   | Killed a royal mummy
105318 | Tomb:3   | Got a golden rune of Zot
105383 | Tomb:3   | Found the +8 orange crystal plate armour {Archmagi, Int+3
                  | Clar}
105390 | Tomb:3   | Found the +5 demon whip "Spellbinder" {antimagic, disrupt,
                  | Will+}
105441 | Tomb:3   | Identified the +2 ring mail of Classification {Harm Will+
                  | Str-2 Dex+3}
105446 | Tomb:3   | Identified the ring of Tyiwn {*Slow rPois Will+ Slay+5
                  | Stlth+}
105481 | Tomb:3   | Identified the +2 war axe "Esuizuw" {venom, rF+ rCorr}
105927 | Zig:1    | Entered Level 1 of a ziggurat
105933 | Zig:1    | Acquired the scarf "Ducytynlu" {rC+ rF+, rPois Will- rCorr
                  | Stlth-}
105946 | Zig:2    | Entered Level 2 of a ziggurat
105985 | Zig:3    | Entered Level 3 of a ziggurat
106016 | Zig:4    | Entered Level 4 of a ziggurat
106058 | Zig:5    | Entered Level 5 of a ziggurat
106062 | Zig:5    | Found the brooch of Shielding {Spirit SH+8}
106117 | Zig:6    | Entered Level 6 of a ziggurat
106146 | Zig:6    | Identified the amulet "Taj Wesu" {Reflect Rampage rElec
                  | Regen+ SH+5}
106150 | Zig:7    | Entered Level 7 of a ziggurat
106167 | Zig:7    | Paralysed by accursed screaming for 2 turns
106402 | Zig:8    | Entered Level 8 of a ziggurat
106552 | Zig:8    | Identified the +1 mace "Cieluts" {protect, rF+ rN+ Dex-5
                  | SInv}
106563 | Zig:9    | Entered Level 9 of a ziggurat
106582 | Zig:9    | Reached skill level 27 in Throwing
106636 | Zig:10   | Entered Level 10 of a ziggurat
106742 | Zig:10   | Identified the staff of the Conjuring Gods {rElec rF+ Fire}
106744 | Zig:10   | Identified the ring "Quschatimn" {Ice rCorr}
106757 | Zig:11   | Entered Level 11 of a ziggurat
106769 | Zig:11   | Noticed Soodakor the pandemonium lord
106780 | Zig:11   | Killed Soodakor the pandemonium lord
106856 | Zig:11   | Identified the staff "Siffeec" {*Slow rPois Int+7 Tloc
                  | Alchemy}
106864 | Zig:11   | Identified the +0 robe "Naducesk" {rN++ Dex+4}
106867 | Zig:11   | Identified the staff of Havoc {*Corrode rF+ Stlth+ Summ
                  | Fire}
106891 | Zig:12   | Entered Level 12 of a ziggurat
106901 | Zig:12   | Noticed Nayv the pandemonium lord
106922 | Zig:12   | Killed Nayv the pandemonium lord
107222 | Zig:12   | Identified the +8 triple crossbow "Sausoala" {drain,
                  | ^Fragile rF+ Will+ Int+4}
107246 | Zig:13   | Entered Level 13 of a ziggurat
107441 | Zig:13   | Noticed Zerab the pandemonium lord
107441 | Zig:13   | Noticed Ytsecrokk the pandemonium lord
107442 | Zig:13   | Noticed Wujumne the pandemonium lord
107443 | Zig:13   | Killed Zerab the pandemonium lord
107451 | Zig:13   | Killed Ytsecrokk the pandemonium lord
107453 | Zig:13   | Killed Wujumne the pandemonium lord
107467 | Zig:13   | Found the +3 Mad Mage's Maulers {Infuse+∞ VampMP -Cast}
107668 | Zig:13   | Identified the +0 robe "Puneg" {Dex+3}
107676 | Zig:13   | Identified the +5 glaive "Grim" {vamp, rN+ Dex+3}
107735 | Zig:14   | Entered Level 14 of a ziggurat
108052 | Zig:14   | Found the +3 greatsling "Punk" {acid, rCorr}
108052 | Zig:14   | Found the +3 salamander hide armour {Flames, rFlCloud rF++
                  | rC--}
108059 | Zig:14   | Identified the staff of the Assorted Scars {Fly rElec rPois
                  | Dex+2 Air}
108062 | Zig:14   | Identified the +8 hand axe of the End of Times {flame,
                  | Int+3}
108073 | Zig:14   | Identified the amulet "Socotzur" {Reflect +Inv rF- Dex+3
                  | SH+5}
108295 | Tar:1    | Entered Level 1 of Tartarus
109749 | Tar:6    | Reached skill level 27 in Dodging
110083 | Tar:7    | Entered Level 7 of Tartarus
112310 | Tar:7    | Noticed an ancient lich
112317 | Tar:7    | Killed an ancient lich
112655 | Tar:7    | Identified the +6 plate armour of Tinue {rF++}
113132 | Tar:7    | Noticed an ancient lich
113137 | Tar:7    | Killed an ancient lich
113205 | Tar:7    | Noticed Ereshkigal
113223 | Tar:7    | Killed Ereshkigal
113822 | Tar:7    | Identified the ring of Moderation {rF+ Int+6}
113824 | Tar:7    | Identified the staff of Urgency {Fly rF+ rN+ Stlth- Fire}
113828 | Tar:7    | Identified the staff of Axzayqi {rC++ rN+ Str+4 Hexes
                  | Necro}
114054 | Tar:7    | Noticed an ancient lich
114055 | Tar:7    | Noticed an ancient lich
114066 | Tar:7    | Killed an ancient lich
114066 | Tar:7    | Killed an ancient lich
114158 | Tar:7    | Identified the +7 great mace "Niojun" {speed, *Slow rN+
                  | Dex+3}
114161 | Tar:7    | Identified the +4 pair of gloves "Ceskor" {Slay+2}
114215 | Tar:7    | Got a bone rune of Zot
114412 | Dis:1    | Entered Level 1 of the Iron City of Dis
114761 | Dis:2    | Noticed a dread lich
114763 | Dis:2    | Killed a dread lich
114941 | Dis:3    | Lost intelligence.
116201 | Dis:6    | Noticed a dread lich
116201 | Dis:6    | Noticed an ancient lich
116206 | Dis:6    | Noticed an ancient lich
116207 | Dis:6    | Noticed a dread lich
116207 | Dis:6    | Noticed a dread lich
116208 | Dis:6    | Killed an ancient lich
116208 | Dis:6    | Killed a dread lich
116211 | Dis:6    | Killed a dread lich
116296 | Dis:6    | Killed a dread lich
116302 | Dis:6    | Noticed an ancient lich
116304 | Dis:6    | Killed an ancient lich
116317 | Dis:6    | Killed an ancient lich
116444 | Dis:6    | Noticed a dread lich
116448 | Dis:6    | Killed a dread lich
116824 | Dis:7    | Entered Level 7 of the Iron City of Dis
117250 | Dis:7    | Noticed a juggernaut
117257 | Dis:7    | Killed a juggernaut
118064 | Dis:7    | Noticed the Serpent of Hell
118091 | Dis:7    | Killed the Serpent of Hell
119969 | Dis:7    | Noticed a juggernaut
119973 | Dis:7    | Killed a juggernaut
120006 | Dis:7    | Noticed Dispater
120026 | Dis:7    | HP: 11/273 [Hell Sentinel/damnation[Dispater] (47)]
120026 | Dis:7    | HP: 1/273 [Hell Sentinel[Dispater] (10)]
120030 | Dis:7    | The Shining One protects you from harm!
120033 | Dis:7    | Killed from afar by Dispater

Illustrated notes

Levels and vault maps discovered:
D:1:      psy_arrival_terrarium, layout_loops_corners
D:2:      layout_loops_ring, serial_shops, shop, shop, shop, shop, shop,
          uniq_natasha
D:3:      layout_loops_ring, serial_forest, infiniplex_forest_lined_3,
          infiniplex_forest_clump_curved, infiniplex_forest_lined_3_way,
          infiniplex_forest_zigzag_1, infiniplex_forest_clump_tiny, st_stairs_9,
          uniq_terence, uniq_robin
D:4:      layout_cave_pools
D:5:      layout_cave_pools, nicolae_uskayaw_suspiria, minmay_small_thing,
          uniq_duvessa
D:6:      layout_basic, uniq_blork_the_orc
D:7:      layout_basic, nicolae_ru_great_annihilating_truth,
          minmay_temple_entry_slanted, serial_shops, nicolae_shop_peninsula,
          minmay_misc_feat_ornament, uniq_menkaure
D:8:      layout_basic, uniq_prince_ribbit1
D:9:      layout_cross, minmay_overflow_temple_star_hex, hiddenorc2_lemuel,
          nicolae_inconvenience_store, st_stairs_2,
          minmay_fractal_squares_diagonal_5
D:10:     layout_roguey
D:11:     layout_roguey, erik_lair_island, serial_rivers,
          chequers_serial_rivers_small_b, chequers_serial_rivers_large_a,
          chequers_serial_rivers_room_b, chequers_serial_rivers_room_b,
          chequers_serial_rivers_small_b, chequers_serial_rivers_marsh,
          serial_library_regret_index_multi, uniq_grum, uniq_josephine
D:12:     layout_basic, serial_shops, nicolae_shop_hallway_plus, uniq_nessos
D:13:     minmay_five_octagons, layout_basic, serial_ice, serial_ice_f,
          serial_ice_l, serial_ice_g, serial_ice_d, serial_ice_b,
          portal_ice_cave_entry_imps, library_closet, minivault_15, uniq_rupert
D:14:     layout_cave_pods, hellmonk_vaults_attempted_burglary,
          nicolae_hexahallways, serial_shops, nicolae_shop_advertising_works
          [nicolae_subvault_shop_adworks],
          nicolae_dithmenos_through_a_glass_darkly
D:15:     grunt_enter_depths_snipers, layout_long_grid,
          chequers_serial_rivers_small_a, grunt_ministairs_13,
          corexii_checkpoint, uniq_roxanne, uniq_agnes, uniq_jorgrun
Temple:   regret_index_temple_generic_petals
Lair:1:   layout_chaotic_city, infiniplex_staircase_pool
Lair:2:   layout_cave_pods, spider_nest_entry_webs, beast_lair_carwin_7,
          grunt_megastairs_1, serial_bayou_shore_a
Lair:3:   layout_hall_layers, minmay_shoals_entry_lonely_mermaid,
          gammafunk_lair_bear_cave, serial_bayou_shore_b, grunt_megastairs_5
Lair:4:   layout_gridlike, dpeg_slime_entry_corner, uniq_kirke
Lair:5:   grunt_lair_end_beastmaster, layout_regular_city,
          nzn_masters_of_martial_movement
Shoals:1: layout_shoals, serial_shops, nicolae_shop_window_shopping,
          nicolae_shop_back_alley_shop, nicolae_shop_mannequins,
          nicolae_shop_tiny_waterfront, nicolae_shop_tiny_real_fake_doors
Shoals:2: gammafunk_sealed_arena, layout_shoals, gammafunk_ghost_tricky_traps,
          regret_index_shoals_crete
Shoals:3: cheibrodos_shoals_epimethial_gifts, layout_shoals,
          nicolae_shoals_spectral_cove
Shoals:4: shoals_end_hangedman, layout_shoals, nicolae_shop_gadgets, uniq_donald
Spider:1: layout_spider_delve, nicolae_spider_some_kinda_spiderbox
Spider:2: layout_cave_pods
Spider:3: layout_spider_delve
Spider:4: floodkiller_spider_rune_tomb, uniq_mara
Slime:1:  layout_caves
Slime:2:  layout_caves
Slime:3:  layout_caves
Slime:4:  layout_caves, basic_altar
Slime:5:  slime_pit_nicolae_trefoil
Orc:1:    layout_caves, mines2_david
Orc:2:    st_orc_elflike, layout_caves, basic_altar, bh_open_orc_temple
Elf:1:    layout_rooms, minmay_elf_sorcery
Elf:2:    nicolae_elf_blades_splatter_lattice [nicolae_blade_entry_antechamber],
          layout_loops_ring, serial_shops, shop,
          nicolae_shop_tiny_statue_garden, shop, shop, shop, hellmonk_elf_help
Elf:3:    minmay_elf_hall_furrowed, layout_loops_corners, serial_shops, shop,
          nicolae_trove_entry_crossroad, lemuel_flamethrower_3,
          minmay_shop_star, uniq_louise
Vaults:1: vaults_room_grid, nicolae_vaults_little_squares_2,
          nicolae_vaults_storage_room_glass, nicolae_vaults_double_plus_1,
          nicolae_vaults_trapezoid_lopsided_3, v_misc_13, v_misc_2,
          ontoclasm_vaults_idyll, vaults_mumra_hex,
          nicolae_vaults_mini_display_case, nicolae_vaults_ring_of_whatevers,
          grunt_vaults_trifunnel, ontoclasm_vaults_hangar,
          nicolae_vaults_murder_corner, layout_vaults_omnicross, serial_shops,
          shop, uniq_saint_roka, uniq_nikola
Vaults:2: blue_anna_dwarven_crypt, nicolae_vaults_puzzle_piece, v_misc_10,
          st_eye, nicolae_vaults_sightless_eye, nicolae_vaults_tetromino_L_2,
          nicolae_vaults_trapezoid_1, nicolae_vaults_closet_pinwheel_5,
          v_alt_pattern_1, vaults_dpeg_ring, vaults_mumra_lcd,
          nicolae_vaults_network_star, layout_vaults_omnigrid
Vaults:3: gammafunk_ghost_arena, nicolae_vaults_asterisk,
          nicolae_vaults_trapezoid_lopsided_4, vaults_room_semicircle,
          nicolae_vaults_tetromino_T_2, nicolae_vaults_double_plus_2,
          hangedman_vaults_stagger, nicolae_vaults_theta,
          layout_vaults_maze_bifur
Vaults:4: nicolae_vaults_trapezoid_lopsided_3, nicolae_vaults_trapezoid_3,
          nicolae_vaults_big_angled_halls, ontoclasm_vaults_hangar,
          nicolae_vaults_cornered_office, st_greater_box_1,
          nicolae_vaults_sealed_display, nicolae_vaults_yaktaur_gun_rack,
          ontoclasm_vaults_shuriken, vaults_room_corners,
          ontoclasm_vaults_twist, layout_vaults_omnibox, serial_shops, shop,
          shop, nicolae_shop_back_alley_shop, nicolae_shop_behind_doors
Vaults:5: serial_shops, uniq_xtahua
Crypt:1:  layout_misc_corridors, uniq_grunn
Crypt:2:  layout_regular_city, basic_altar, minivault_23,
          minmay_misc_feat_alley, uniq_margery
Crypt:3:  cryptofortress_bobbens
Tomb:1
Tomb:2
Tomb:3
Depths:1: layout_basic, serial_shops, nicolae_shop_competitors_out_of_business,
          gammafunk_ghost_arena, hangedman_tar_grid_catacomb,
          kennysheep_another_room, grunt_qazlal_sundering
Depths:2: minmay_outward_triangles, layout_gridlike, lightli_too_deep,
          kennysheep_cross_bottleneck, pan_entry, abyss_entry_flame_altar,
          guppyfry_shop_venom, infiniplex_staircase_spiral
Depths:3: minmay_the_grid_square_5x5_4x4_mashed
          [minmay_the_grid_square_5x5_two_walls_a,
          minmay_the_grid_square_5x5_inverted_slash,
          minmay_the_grid_square_5x5_trominoes,
          minmay_the_grid_square_5x5_minivault, minmay_the_grid_square_5x5_n,
          minmay_the_grid_square_5x5_prize_pseudospiral,
          minmay_the_grid_square_5x5_prize_monsterx,
          minmay_the_grid_square_5x5_spiral_small,
          minmay_the_grid_square_5x5_plus,
          minmay_the_grid_square_5x5_prize_deathbox,
          minmay_the_grid_square_5x5_prize_gold,
          minmay_the_grid_square_5x5_one_wall, minmay_the_grid_square_5x5_three,
          minmay_the_grid_square_5x5_beaten_path,
          minmay_the_grid_square_5x5_tie,
          minmay_the_grid_square_5x5_almost_minimal], layout_cave_pools,
          enter_ziggurat_c, abyss_entry, hell_entry, okawaru_gym_becter,
          minmay_shop_grove, uniq_norris, uniq_enchantress
Depths:4: evilmike_zot_entry_round, layout_gridlike,
          pf_vacation_house_of_asmodeus, nemelex_lonely_heart_becter,
          minmay_misc_feat_nine_boxes
Hell
Dis:1:    layout_gridville
Dis:2:    layout_subdivisions
Dis:3:    layout_gridville
Dis:4:    layout_gridville
Dis:5:    layout_regular_city, serial_glass, glass_columns_a, glass_columns_c,
          nicolae_dis_having_a_grate_time
Dis:6:    layout_subdivisions, nicolae_dis_liches_on_tour
Dis:7:    dis_hangedman
Tar:1:    layout_grid_maze
Tar:2:    layout_honeycomb
Tar:3:    layout_honeycomb
Tar:4:    layout_grid_maze
Tar:5:    nicolae_tar_intersect_combbox, layout_cathedral_of_symmetry,
          nicolae_tar_cuneiform_to_be
Tar:6:    layout_cathedral_of_symmetry
Tar:7:    tar_grunt_cathedral
Zot:1:    layout_onion_interference, nicolae_diode_stairs
Zot:2:    gammafunk_its_a_trap, layout_cathedral_of_symmetry
Zot:3:    gammafunk_mikee_crab_dinner, layout_basic
Zot:4:    layout_concentric_octagons, grunt_megastairs_4

Skill      XL: |  1  2  3  4  5  6  7  8  9 10 11 12 13 14 15 16 17 18 19 20 21 22 23 24 25 26 27 |
---------------+----------------------------------------------------------------------------------+-----
Shields        | 4 5 6 7 8 10 11 13 15 17 19 20 22 23 27 | 27.0
Fighting       | 4 5 6 7 8 9 10 12 13 14 15 18 20 22 23 26 27 | 27.0
Axes           | 3 4 5 6 8 10 12 14 16 17 19 20 21 22 24 27 | 27.0
Armour         | 4 5 6 7 8 10 11 12 13 15 17 18 19 20 21 27 | 27.0
Dodging        | 1 2 4 5 6 7 9 11 12 14 27 | 27.0
Throwing       | 1 2 3 4 5 7 9 10 11 12 13 27 | 27.0
Invocations    | 1 3 5 6 7 8 9 10 11 12 13 27 | 27.0
Evocations     | 1 3 6 7 8 9 10 26 | 26.7
Unarmed Combat | 2 5 |  5.5

Action                     |  1- 3 |  4- 6 |  7- 9 | 10-12 | 13-15 | 16-18 | 19-21 | 22-24 | 25-27 || total
---------------------------+-------+-------+-------+-------+-------+-------+-------+-------+-------++-------
  Melee: War axe           |    74 |   127 |   221 |   451 |       |       |       |       |       ||   873
         Headbutt          |    10 |    16 |    49 |   122 |   150 |    95 |   263 |   227 |  1884 ||  2816
         Broad axe         |       |       |       |   152 |   636 |   439 |   832 |   727 |  4984 ||  7770
         Unarmed           |       |       |       |       |     3 |       |    63 |       |       ||    66
  Throw: Boomerang         |       |       |     5 |    30 |       |    19 |       |       |   119 ||   173
         Javelin           |       |       |       |       |       |       |       |    30 |   272 ||   302
 Invoke: Heroism           |       |       |       |    14 |    11 |    10 |    13 |     9 |     6 ||    63
         Receive Weapon    |       |       |       |       |     1 |       |       |       |       ||     1
         Receive Armour    |       |       |       |       |     1 |       |       |       |       ||     1
         Finesse           |       |       |       |       |       |       |     1 |     2 |     2 ||     5
         Divine Shield     |       |       |       |       |       |       |       |       |    65 ||    65
         Brand Weapon With |       |       |       |       |       |       |       |       |     1 ||     1
         Cleansing Flame   |       |       |       |       |       |       |       |       |    84 ||    84
         Summon Divine War |       |       |       |       |       |       |       |       |     8 ||     8
Ability: Evoke Blink       |       |       |       |       |       |       |       |       |     4 ||     4
  Evoke: Wand              |       |       |       |       |       |     8 |    15 |       |     9 ||    32
         Figurine of a zig |       |       |       |       |       |       |       |       |     1 ||     1
    Use: Scroll            |       |     3 |       |    12 |    20 |     6 |     3 |     3 |    41 ||    88
         Potion            |       |     1 |     2 |     2 |     1 |     6 |     5 |     5 |    55 ||    77
   Stab: Distracted        |       |       |       |     2 |    12 |    13 |    17 |    18 |     9 ||    71
 Armour: Scale mail        |    49 |     4 |       |       |       |       |       |       |       ||    53
         Ring mail         |       |    72 |   147 |   295 |    27 |       |       |       |       ||   541
         Plate armour      |       |       |       |    14 |       |       |       |       |       ||    14
         Gold dragon scale |       |       |       |       |   299 |   226 |   462 |   318 |  1459 ||  2764
         Skin              |       |       |       |       |     2 |       |       |       |   154 ||   156
  Dodge: Dodged            |    30 |    54 |   137 |   180 |    75 |    63 |   141 |    95 |   603 ||  1378
         Repelled          |       |       |       |       |       |       |     3 |    11 |    52 ||    66
  Block: Buckler           |    11 |    33 |    59 |    46 |       |       |       |       |       ||   149
         Kite shield       |       |       |       |   194 |   452 |   386 |   791 |   188 |       ||  2011
         Reflection        |       |       |       |     1 |    60 |     6 |    69 |    55 |   198 ||   389
         Tower shield      |       |       |       |       |       |       |       |   366 |  4121 ||  4487
